Workbook

Sheet Instructivo de llenado
B2: El diccionario de variables es una herramienta que permite estandarizar y documentar las variables utilizadas en encuestas, censos, estadísticas basadas en registros administrativos o registros administrativos para mejorar la interpretación de las variables y los datos para los usuarios. El presente instructivo es una guía sobre cómo el productor de estadísticas puede diligenciar el diccionario de variables. Los ejemplos son referenciados de los productos publicados de la Encuesta Nacional de Empleo, Desempleo y Subempleo (ENEMDU).
B4: Campos | C4: Descripciones | D4: Ejemplos
B5: Posición de la variable | C5: Es la ubicación de la variable dentro de la base de datos, es decir el número de la columna contando de izquierda a derecha. | D5: 1, 2, 3 , 4 … etc.
B6: Código de la variable | C6: Es un identificador único que define a una variable, cuyo significado se describe en un lenguaje natural o común dentro de la base de datos. | D6: P2, P3, P4
B7: Nombre de la variable | C7: Es el nombre con el cual se identifica a la variable de acuerdo al marco conceptual y metodológico de la operación estadística o registro administrativo. | D7: P2: Sexo P3: Edad P4: Parentesco
B8: Descripción de la variable | C8: Es el enunciado interrogativo (pregunta en el formulario de la OE) asociado a una variable que permite obtener información relevante sobre la unidad de observación. Nota: para el caso de registros administrativos puede omitirse este campo. | D8: P2: Sexo P3: ¿Cuántos años cumplidos tiene (…)? P4: ¿Qué relación de parentesco tiene (…) con el jefe del hogar?
B9: Categorías / catálogos de la variable | C9: Categorías de la variable: Define los valores que pueden tomar las variables categóricas, mostrando su clasificación e interpretación: → Código: Es un valor numérico o alfanumérico asignado a cada categoría. → Etiqueta: Es la descripción textual asociada a un código, facilitando la interpretación y análisis de los datos. | D9: 1 : Jefe 2 : Cónyuge 3: Hijo ó hija 4: Yerno ó nuera 5: Nieto ó nieta 6: Padres ó suegros 7: Otros parientes 8: Empleado(a) Domestico(a) 9: Otros no parientes
C10: Catálogos de la variable: Es aquel que hace referencia cuando la variable esta asociada al uso de un clasificador oficial, nacional, internacional estandarizado. Nota: En este campo NO se enlistaran los códigos específicos del clasificador, ÚNICAMENTE se deberá registrar el nombre oficial del catálogo o clasificador utilizado. El clasificador deberá ser desarrollo en las pestañas denominadas clasificador_1, clasificador_2, clasificador_3, clasificador. | D10: Clasificador CIIU Rev. 4.0 Clasificador CIUO 08 Clasificador CIE-10 Clasificador DPA 2019
B11: Origen de la variable | C11: Describe los tipos de variables de acuerdo a su origen en la base de datos: → Principal: Son todas las variables que se obtienen directamente de la recolección o recopilación mediante la aplicación de los instrumentos definidos. → Derivada: Son todas las variables construidas o calculadas a partir de las variables originales o de otras variables derivadas mediante operaciones aritméticas o lógicas. | D11: P2: Sexo - Principal P3: Edad - Principal Dominio: Dominios - Derivada
B12: Tipo de variable | C12: Describe la clasificación de variables según la función que cumplen en los instrumentos de recolección/ recopilación: → Variable identificadora: Es aquella que contiene datos para identificar la unidad de observación dentro de la operación estadística, y realizar asociaciones entre distintas bases o fuentes de datos. | D12: Variable identificadora ID_hogar ID_vivienda ID_persona
C13: Variable cuantitativa: Es un tipo de variable que representa una cantidad o medida numérica asociada a una unidad de análisis. Estas variables permiten realizar operaciones aritméticas y estadísticas. → Variable cuantitativa discreta: Es aquella variable que toma valores enteros, por ejemplo número de hijos, número de cuartos, número de empleados, entre otros. → Variable cuantitativa continua: Es aquella variable que toma cualquier valor dentro de un intervalo, incluyendo decimales, por ejemplo: ingresos, peso, fechas, entre otras. | D13: Variable Cuantitativa discreta P50 - Número de trabajos P3 - Edad Variable Cuantitativa continua INGPC - Ingreso per cápita Periodo Mes
C14: Variable cualitativa: Es un tipo de variable que expresa atributos, categorías o cualidades no numéricas de una unidad de análisis, su valor no se mide numéricamente, sino que representan una clasificación. → Variable cualitativa nominal: Es aquella variable donde las categorías no siguen un orden lógico, por ejemplo: estado civil, sexo, material de la vivienda, entre otros. → Variable cualitativa ordinal: Es aquella variable donde las categorías siguen un orden lógico por ejemplo: nivel educativo, percepción de la satisfacción, entre otros. | D14: Variable cualitativa nominal P7 - Asiste a clases Clasificadores: CIIU, CIUO, CIE10, DPA. Variable cualitativa ordinal Nivel de instrucción Estratos Nivel de satisfacción
B15: Formato del dato* | C15: Describe la clasificación de variables según la función que cumplen en la base de datos: → Cadena: Es aquel que almacena secuencias de caracteres alfabéticos, numéricos o mixtos, sin valor numérico en sí mismo. Este tipo de datos incluye texto libre (string), códigos alfanuméricos, y otros elementos simbólicos como identificadores y clasificaciones. Permite realizar operaciones de conteo, agrupación, ordenamiento alfabético, búsqueda de patrones o comparaciones categóricas. → Numérico: Es aquel que representa cantidades o valores medibles, y permite realizar operaciones aritméticas o estadísticas como suma, resta, promedio, entre otros. Incluye números enteros, decimales o valores temporales (fechas) que pueden ser tratados cuantitativamente en términos de duración. | D15: Cadena UPM: 10150000304 Prov: 1, 2, 3, 4, 5 , … ram1: Rama de Actividad CIIU Numérico Ingreso laboral: 100, 200, 300, etc. Ingreso por cápita: 110,12, 335, 24, etc. Horas de trabajo principal: 6, 8, 12, etc.
B16: Longitud del dato | C16: Especifica la cantidad máxima de caracteres que contiene o almacena una variable. La longitud puede estar determinada por la respuesta a la pregunta o especificación que da origen al contenido de la variable.
B17: Valor mínimo** | C17: Es el valor mínimo que registra la variable dentro de la base de datos. Aplica únicamente cuando las variables tienen formato de datos numérico. | D17: Edad (P3): 0 Números de trabajos (P50): 1
B18: Valor máximo** | C18: Es el valor máximo que registra la variable dentro de la base de datos. Aplica únicamente cuando las variables tienen formato de datos numérico. | D18: Edad (P3): 98 Números de trabajos (P50): 2
B19: * Este campo contiene los tipos de datos de una variable agrupados en dos grandes grupos: cadena y numérico, los cuales también integran los tipos de datos referenciados en el diccionario de datos disponible en: https://www.ecuadorencifras.gob.ec/documentos/web-inec/Sistema_Estadistico_Nacional/Normativas_y_Estandares/Formato_Diccionario_de_Datos_Tecnico.xlsx. Los datos de tipo cadena incluyen los formatos char, string y bolean (SI/NO), los cuales permiten agrupar variables que contienen texto, códigos alfanuméricos o categorías representadas por caracteres (clasificadores), y no permiten realizar operaciones aritméticas, este tipo de datos son utilizados para clasificación, identificación o etiquetado. Las operaciones típicas son conteo de frecuencias, clasificación, agrupación, concatenación, búsqueda de patrones, orden alfabético, entre otros. Los datos de tipo numérico incluyen los formatos integer, float y double, los cuales incluyen valores enteros, decimales y fechas, y permiten realizar operaciones matemáticas y análisis estadísticos. Las operaciones frecuentemente empleadas son promedio, desviación estándar, comparaciones (mayor/menor), diferencias de fechas (duración), percentiles y rangos.
B20: ** Ejemplos basados en la Encuesta Nacional de Empleo, Desempleo y Subempleo (ENEMDU)mensual del periodo de marzo de 2025.
B21: Consideraciones del versionamiento El versionamiento del diccionario de variables es un proceso esencial para garantizar la trazabilidad, control de cambios y consistencia documental en el desarrollo de la operación estadística o registro administrativo. Cada vez que se produce una modificación estructural, semántica o técnica en alguna de las variables, clasificadores o metadatos, debe generarse una nueva versión del diccionario, la cual debe seguir una nomenclatura estructurada (por ejemplo, v1.0, v1.1, v2.0) y registrar la siguiente información: fecha de modificación, responsable técnico del cambio, descripción del ajuste realizado y justificación del cambio. Se recomienda aplicar versionamiento en los siguientes casos: → Inclusión o eliminación de variables del instrumento estadístico. → Cambio en el nombre, definición, formato, tipo o dominio de una variable. → Sustitución o actualización del clasificador utilizado (por versión oficial o adaptación). → Cambios en la estructura de los tipos de datos, formatos o unidades de análisis. → Revisión del documento por parte de autoridades metodológicas o equipos técnicos
B22: Referencias bibliográficas ISO/IEC 11179-3:2013. Metadata registros — Parte 3: Registry metamodel and basic attributes. Geneva: ISO. UNECE. (2013). Generic Statistical Information Model (GSIM): Specification. https://statswiki.unece.org/display/GSIM OECD. (2017). OECD Quality Framework and Metadata Guidelines. https://www.oecd.org/sdd/metadata.htm OPS. (2022). PAHO Core Data Portal: Data Dictionary. Washington, DC. DANE. (2018). Lineamientos para la documentación de variables. Bogotá, Colombia. Peña, D. (2002). Fundamentos de estadística. Madrid: Alianza Editorial. Referencia clave sobre los tipos de variables y escalas de medición (nominal, ordinal, intervalo, razón). United Nations Statistical Division (UNSD). (2007). Handbook on Statistical Metadata (Metadata Common Vocabulary). https://unstats.un.org/unsd/publication/seriesf/seriesf_86e.pdf Peña, D. (2002). Fundamentos de Estadística – Diferencia entre tipos de variables y operaciones posibles según su escala. ISO/IEC 11179-3:2013. Metadata registres — Registry metamodel and basic attributes. Geneva: ISO. Define el uso de meta información para identificar versiones y cambios en estructuras de datos y dominios de valores. UNECE. (2013). Generic Statistical Information Model (GSIM): Specification. Establece que toda modificación en variables, representaciones o clasificadores debe gestionarse mediante mecanismos de versionamiento controlado. https://statswiki.unece.org/display/GSIM INEGI. (2020). Normas técnicas para metadatos estadísticos. México. Incluye lineamientos sobre control de versiones en fichas técnicas de variables y clasificadores. DANE. (2018). Lineamientos para la documentación de variables. Bogotá: Departamento Administrativo Nacional de Estadística. Establece cuándo deben actualizarse los documentos técnicos y cómo registrar cada cambio en una hoja de control de versiones.

Sheet Diccionario
A3: Nombre de la entidad | C3: Instituto Nacional De Estadísticas y Censos INEC
A4: Nombre de la operación estadística / registro administrativo | C4: Encuesta Nacional de Condiciones de Vida de la Población LGBTI+
A5: Período de referencia recolección/ recopilados | C5: Octure - Noviembre 2025
A6: Número de variables | C6: 525
A7: Nombre de la base de datos o base de datos asociada | C7: Reporte "Base General"
A8: Número de registros | C8: 6657
A11: ⬇️ Manual | B11: ⬇️ Manual | C11: ⬇️ Manual | D11: ⬇️ Manual | E11: ⬇️ Manual | F11: ⬇️ Seleccionar | G11: ⬇️ Seleccionar | H11: ⬇️ Automático | I11: ⬇️ Manual | J11: ⬇️ Manual | K11: ⬇️ Manual
A12: Posición de la variable | B12: Código de la variable | C12: Nombre de la variable | D12: Descripción de la variable | E12: Categorías / catálogos de la variable | F12: Origen de la variable | G12: Tipo de variable | H12: Formato del dato | I12: Longitud del dato | J12: Valor mínimo | K12: Valor máximo
A13: <<Ingresar la posición de la variable en la base de datos>> | B13: <<Ingresar el código de la variable>> | C13: <<Ingresar el nombre de la variable>> | D13: <<Ingresar la descripción de la variable> | E13: <<Ingresar los códigos y etiquetas de la variable, en caso de catálogos colocar el nombre del clasificador empleado>> | F13: <<Seleccionar el origen de la variable> | G13: <<Seleccionar el tipo de variable>> | H13: <<Indicar el formato de los datos que contiene la variable>> | I13: <<Ingresar la cantidad máxima de caracteres que contiene la variable> | J13: <<Según la base de datos indicar el rango mínimo si el formato de dato es numérico>> | K13: <<Según la base de datos indicar el rango máximo si el formato de dato es numérico>>
A14: 1 | B14: prov | C14: Ubicación Geográfica Provincia | D14: 1. Povincia | E14: Anexo listado de Provincias del Ecuador y Países | F14: Principal | G14: Variable cualitativa nominal | H14: Cadena | I14: 2 | J14: =IF(OR(G14=[1]Validaciones!$A$4,G14=[1]Validaciones!$A$5),"Ingrese el dato","No aplica") -> No aplica | K14: =IF(OR(G14=[1]Validaciones!$A$4,G14=[1]Validaciones!$A$5),"Ingrese el dato","No aplica") -> No aplica
A15: 2 | B15: descripcion_provincia | C15: Descripción Provincia | E15: Anexo listado de Provincias del Ecuador y Países | F15: Principal | G15: Variable cualitativa nominal | H15: Cadena | I15: 50 | J15: =IF(OR(G15=[1]Validaciones!$A$4,G15=[1]Validaciones!$A$5),"Ingrese el dato","No aplica") -> No aplica | K15: =IF(OR(G15=[1]Validaciones!$A$4,G15=[1]Validaciones!$A$5),"Ingrese el dato","No aplica") -> No aplica
A16: 3 | B16: cant | C16: Ubicación Geográfica Cantón | D16: 2. Cantón | E16: Anexo listado de Provincias del Ecuador y Países | F16: Principal | G16: Variable cualitativa nominal | H16: Cadena | I16: 2 | J16: =IF(OR(G16=[1]Validaciones!$A$4,G16=[1]Validaciones!$A$5),"Ingrese el dato","No aplica") -> No aplica | K16: =IF(OR(G16=[1]Validaciones!$A$4,G16=[1]Validaciones!$A$5),"Ingrese el dato","No aplica") -> No aplica
A17: 4 | B17: descant | C17: Descripción Cantón | E17: Anexo listado de Provincias del Ecuador y Países | F17: Principal | G17: Variable cualitativa nominal | H17: Cadena | I17: 50 | J17: =IF(OR(G17=[1]Validaciones!$A$4,G17=[1]Validaciones!$A$5),"Ingrese el dato","No aplica") -> No aplica | K17: =IF(OR(G17=[1]Validaciones!$A$4,G17=[1]Validaciones!$A$5),"Ingrese el dato","No aplica") -> No aplica
A18: 5 | B18: parr | C18: Ubicación Geográfica Parroquia | D18: 3. Parroquia | E18: Anexo listado de Provincias del Ecuador y Países | F18: Principal | G18: Variable cualitativa nominal | H18: Cadena | I18: 2 | J18: =IF(OR(G18=[1]Validaciones!$A$4,G18=[1]Validaciones!$A$5),"Ingrese el dato","No aplica") -> No aplica | K18: =IF(OR(G18=[1]Validaciones!$A$4,G18=[1]Validaciones!$A$5),"Ingrese el dato","No aplica") -> No aplica
A19: 6 | B19: desparr | C19: Descripción Parroquia | E19: Anexo listado de Provincias del Ecuador y Países | F19: Principal | G19: Variable cualitativa nominal | H19: Cadena | I19: 50 | J19: =IF(OR(G19=[1]Validaciones!$A$4,G19=[1]Validaciones!$A$5),"Ingrese el dato","No aplica") -> No aplica | K19: =IF(OR(G19=[1]Validaciones!$A$4,G19=[1]Validaciones!$A$5),"Ingrese el dato","No aplica") -> No aplica
A20: 7 | B20: parurb | C20: Ubicación Geográfica Parroquia Urbana | E20: Anexo listado de Provincias del Ecuador y Países | F20: Principal | G20: Variable cualitativa nominal | H20: Cadena | I20: 2 | J20: =IF(OR(G20=[1]Validaciones!$A$4,G20=[1]Validaciones!$A$5),"Ingrese el dato","No aplica") -> No aplica | K20: =IF(OR(G20=[1]Validaciones!$A$4,G20=[1]Validaciones!$A$5),"Ingrese el dato","No aplica") -> No aplica
A21: 8 | B21: desparurb | C21: Descripción Parroquia Urbana | E21: Anexo listado de Provincias del Ecuador y Países | F21: Principal | G21: Variable cualitativa nominal | H21: Cadena | I21: 50 | J21: =IF(OR(G21=[1]Validaciones!$A$4,G21=[1]Validaciones!$A$5),"Ingrese el dato","No aplica") -> No aplica | K21: =IF(OR(G21=[1]Validaciones!$A$4,G21=[1]Validaciones!$A$5),"Ingrese el dato","No aplica") -> No aplica
A22: 9 | B22: semilla | C22: Còdigo semilla | D22: Cod. Semilla | F22: Principal | G22: Variable identificadora | H22: Cadena | I22: 7 | J22: =IF(OR(G22=[1]Validaciones!$A$4,G22=[1]Validaciones!$A$5),"Ingrese el dato","No aplica") -> No aplica | K22: =IF(OR(G22=[1]Validaciones!$A$4,G22=[1]Validaciones!$A$5),"Ingrese el dato","No aplica") -> No aplica
A23: 10 | B23: id_formulario_unico | C23: Código Identificación formulario único | F23: Principal | G23: Variable identificadora | H23: Cadena | I23: 22 | J23: =IF(OR(G23=[1]Validaciones!$A$4,G23=[1]Validaciones!$A$5),"Ingrese el dato","No aplica") -> No aplica | K23: =IF(OR(G23=[1]Validaciones!$A$4,G23=[1]Validaciones!$A$5),"Ingrese el dato","No aplica") -> No aplica
A24: 11 | B24: quien_refiere_unico | C24: Código Identificación formulario de quien refiere unico | D24: Código de quien le refiere | F24: Principal | G24: Variable identificadora | H24: Cadena | I24: 22 | J24: =IF(OR(G24=[1]Validaciones!$A$4,G24=[1]Validaciones!$A$5),"Ingrese el dato","No aplica") -> No aplica | K24: =IF(OR(G24=[1]Validaciones!$A$4,G24=[1]Validaciones!$A$5),"Ingrese el dato","No aplica") -> No aplica
A25: 12 | B25: ola | C25: Nùmero de ola del formulario | F25: Principal | G25: Variable cuantitativa discreta | H25: Cadena | I25: =IF(OR(G25=[1]Validaciones!$A$6,G25=[1]Validaciones!$A$7),"Ingrese el dato",IF(G25=[1]Validaciones!$A$3,"Ingrese el dato","No aplica")) -> No aplica | J25: 0 | K25: 20
A26: 13 | B26: resultado_entrevista | C26: Resultado de la entrevista | D26: B. Resultado de la entrevista | E26: 1-Completa 2-Incompleta 3-Rechazo (fin de la entrevista) 4-Persona no ubicada (fin de la entrevista) | F26: Principal | G26: Variable cualitativa nominal | H26: Cadena | I26: 1 | J26: =IF(OR(G26=[1]Validaciones!$A$4,G26=[1]Validaciones!$A$5),"Ingrese el dato","No aplica") -> No aplica | K26: =IF(OR(G26=[1]Validaciones!$A$4,G26=[1]Validaciones!$A$5),"Ingrese el dato","No aplica") -> No aplica
A27: 14 | B27: s01_p01a | C27: Vive con - Pareja | D27: ¿Actualmente usted vive con: Pareja? | E27: 1. SI 2. NO | F27: Principal | G27: Variable cualitativa nominal | H27: =IF(G27=Validaciones!$A$3,Validaciones!$C$2,IF(OR(G27=Validaciones!$A$4,G27=Validaciones!$A$5),Validaciones!$C$3,IF(OR(G27=Validaciones!$A$6,G27=Validaciones!$A$7),Validaciones!$C$2,"Seleccione el tipo de variable"))) -> Cadena | I27: 1 | J27: =IF(OR(G27=[1]Validaciones!$A$4,G27=[1]Validaciones!$A$5),"Ingrese el dato","No aplica") -> No aplica | K27: =IF(OR(G27=[1]Validaciones!$A$4,G27=[1]Validaciones!$A$5),"Ingrese el dato","No aplica") -> No aplica
A28: 15 | B28: s01_p01b | C28: Vive con - Amigas/os | D28: ¿Actualmente usted vive con: Amigas/os? | E28: 1. SI 2. NO | F28: Principal | G28: Variable cualitativa nominal | H28: =IF(G28=Validaciones!$A$3,Validaciones!$C$2,IF(OR(G28=Validaciones!$A$4,G28=Validaciones!$A$5),Validaciones!$C$3,IF(OR(G28=Validaciones!$A$6,G28=Validaciones!$A$7),Validaciones!$C$2,"Seleccione el tipo de variable"))) -> Cadena | I28: 1 | J28: =IF(OR(G28=[1]Validaciones!$A$4,G28=[1]Validaciones!$A$5),"Ingrese el dato","No aplica") -> No aplica | K28: =IF(OR(G28=[1]Validaciones!$A$4,G28=[1]Validaciones!$A$5),"Ingrese el dato","No aplica") -> No aplica
A29: 16 | B29: s01_p01c | C29: Vive con - Esposa/o | D29: ¿Actualmente usted vive con: Esposa/o? | E29: 1. SI 2. NO | F29: Principal | G29: Variable cualitativa nominal | H29: =IF(G29=Validaciones!$A$3,Validaciones!$C$2,IF(OR(G29=Validaciones!$A$4,G29=Validaciones!$A$5),Validaciones!$C$3,IF(OR(G29=Validaciones!$A$6,G29=Validaciones!$A$7),Validaciones!$C$2,"Seleccione el tipo de variable"))) -> Cadena | I29: 1 | J29: =IF(OR(G29=[1]Validaciones!$A$4,G29=[1]Validaciones!$A$5),"Ingrese el dato","No aplica") -> No aplica | K29: =IF(OR(G29=[1]Validaciones!$A$4,G29=[1]Validaciones!$A$5),"Ingrese el dato","No aplica") -> No aplica
A30: 17 | B30: s01_p01d | C30: Vive con - Hijas/os | D30: ¿Actualmente usted vive con: Hijas/os? | E30: 1. SI 2. NO | F30: Principal | G30: Variable cualitativa nominal | H30: =IF(G30=Validaciones!$A$3,Validaciones!$C$2,IF(OR(G30=Validaciones!$A$4,G30=Validaciones!$A$5),Validaciones!$C$3,IF(OR(G30=Validaciones!$A$6,G30=Validaciones!$A$7),Validaciones!$C$2,"Seleccione el tipo de variable"))) -> Cadena | I30: 1 | J30: =IF(OR(G30=[1]Validaciones!$A$4,G30=[1]Validaciones!$A$5),"Ingrese el dato","No aplica") -> No aplica | K30: =IF(OR(G30=[1]Validaciones!$A$4,G30=[1]Validaciones!$A$5),"Ingrese el dato","No aplica") -> No aplica
A31: 18 | B31: s01_p01e | C31: Vive con - Padre y/o madre | D31: ¿Actualmente usted vive con: Padre y/o madre? | E31: 1. SI 2. NO | F31: Principal | G31: Variable cualitativa nominal | H31: =IF(G31=Validaciones!$A$3,Validaciones!$C$2,IF(OR(G31=Validaciones!$A$4,G31=Validaciones!$A$5),Validaciones!$C$3,IF(OR(G31=Validaciones!$A$6,G31=Validaciones!$A$7),Validaciones!$C$2,"Seleccione el tipo de variable"))) -> Cadena | I31: 1 | J31: =IF(OR(G31=[1]Validaciones!$A$4,G31=[1]Validaciones!$A$5),"Ingrese el dato","No aplica") -> No aplica | K31: =IF(OR(G31=[1]Validaciones!$A$4,G31=[1]Validaciones!$A$5),"Ingrese el dato","No aplica") -> No aplica
A32: 19 | B32: s01_p01f | C32: Vive con - Otros familiares | D32: ¿Actualmente usted vive con: Otros familiares? | E32: 1. SI 2. NO | F32: Principal | G32: Variable cualitativa nominal | H32: =IF(G32=Validaciones!$A$3,Validaciones!$C$2,IF(OR(G32=Validaciones!$A$4,G32=Validaciones!$A$5),Validaciones!$C$3,IF(OR(G32=Validaciones!$A$6,G32=Validaciones!$A$7),Validaciones!$C$2,"Seleccione el tipo de variable"))) -> Cadena | I32: 1 | J32: =IF(OR(G32=[1]Validaciones!$A$4,G32=[1]Validaciones!$A$5),"Ingrese el dato","No aplica") -> No aplica | K32: =IF(OR(G32=[1]Validaciones!$A$4,G32=[1]Validaciones!$A$5),"Ingrese el dato","No aplica") -> No aplica
A33: 20 | B33: s01_p01g | C33: Vive con - Otros no familiares | D33: ¿Actualmente usted vive con: Otros no familiares? | E33: 1. SI 2. NO | F33: Principal | G33: Variable cualitativa nominal | H33: =IF(G33=Validaciones!$A$3,Validaciones!$C$2,IF(OR(G33=Validaciones!$A$4,G33=Validaciones!$A$5),Validaciones!$C$3,IF(OR(G33=Validaciones!$A$6,G33=Validaciones!$A$7),Validaciones!$C$2,"Seleccione el tipo de variable"))) -> Cadena | I33: 1 | J33: =IF(OR(G33=[1]Validaciones!$A$4,G33=[1]Validaciones!$A$5),"Ingrese el dato","No aplica") -> No aplica | K33: =IF(OR(G33=[1]Validaciones!$A$4,G33=[1]Validaciones!$A$5),"Ingrese el dato","No aplica") -> No aplica
A34: 21 | B34: s01_p01h | C34: Vive con - Sola/o | D34: ¿Actualmente usted vive con: Sola/o? | E34: 1. SI 2. NO | F34: Principal | G34: Variable cualitativa nominal | H34: =IF(G34=Validaciones!$A$3,Validaciones!$C$2,IF(OR(G34=Validaciones!$A$4,G34=Validaciones!$A$5),Validaciones!$C$3,IF(OR(G34=Validaciones!$A$6,G34=Validaciones!$A$7),Validaciones!$C$2,"Seleccione el tipo de variable"))) -> Cadena | I34: 1 | J34: =IF(OR(G34=[1]Validaciones!$A$4,G34=[1]Validaciones!$A$5),"Ingrese el dato","No aplica") -> No aplica | K34: =IF(OR(G34=[1]Validaciones!$A$4,G34=[1]Validaciones!$A$5),"Ingrese el dato","No aplica") -> No aplica
A35: 22 | B35: s01_p02 | C35: Habitualmente. | D35: Habitualmente. ¿Usted vive en una: | E35: 1- Vivienda particular (casa, departamento, cuarto de inquilinato, etc.)? 2- Vivienda colectiva (Hotel, pensión, residencial u hostal, etc.)? 3-Otro, ¿Cuál? (Especifique) | F35: Principal | G35: Variable cualitativa nominal | H35: =IF(G35=Validaciones!$A$3,Validaciones!$C$2,IF(OR(G35=Validaciones!$A$4,G35=Validaciones!$A$5),Validaciones!$C$3,IF(OR(G35=Validaciones!$A$6,G35=Validaciones!$A$7),Validaciones!$C$2,"Seleccione el tipo de variable"))) -> Cadena | I35: 1 | J35: =IF(OR(G35=[1]Validaciones!$A$4,G35=[1]Validaciones!$A$5),"Ingrese el dato","No aplica") -> No aplica | K35: =IF(OR(G35=[1]Validaciones!$A$4,G35=[1]Validaciones!$A$5),"Ingrese el dato","No aplica") -> No aplica
A36: 23 | B36: s01_p02c | C36: Usted vive en una - Otro | D36: ¿Usted vive en una: Otro, ¿Cuál? (Especifique) | F36: Principal | G36: Variable cualitativa nominal | H36: =IF(G36=Validaciones!$A$3,Validaciones!$C$2,IF(OR(G36=Validaciones!$A$4,G36=Validaciones!$A$5),Validaciones!$C$3,IF(OR(G36=Validaciones!$A$6,G36=Validaciones!$A$7),Validaciones!$C$2,"Seleccione el tipo de variable"))) -> Cadena | I36: 200 | J36: =IF(OR(G36=[1]Validaciones!$A$4,G36=[1]Validaciones!$A$5),"Ingrese el dato","No aplica") -> No aplica | K36: =IF(OR(G36=[1]Validaciones!$A$4,G36=[1]Validaciones!$A$5),"Ingrese el dato","No aplica") -> No aplica
A37: 24 | B37: s01_p03 | C37: La vivienda que usted ocupa es | D37: ¿La vivienda que usted ocupa es: | E37: 1-Propia? 2-Arrendada? 3. Prestada 4. Por servicios | F37: Principal | G37: Variable cualitativa nominal | H37: =IF(G37=Validaciones!$A$3,Validaciones!$C$2,IF(OR(G37=Validaciones!$A$4,G37=Validaciones!$A$5),Validaciones!$C$3,IF(OR(G37=Validaciones!$A$6,G37=Validaciones!$A$7),Validaciones!$C$2,"Seleccione el tipo de variable"))) -> Cadena | I37: 1 | J37: =IF(OR(G37=[1]Validaciones!$A$4,G37=[1]Validaciones!$A$5),"Ingrese el dato","No aplica") -> No aplica | K37: =IF(OR(G37=[1]Validaciones!$A$4,G37=[1]Validaciones!$A$5),"Ingrese el dato","No aplica") -> No aplica
A38: 25 | B38: s01_p04 | C38: Tipo de vivienda | D38: ¿Su tipo de vivienda es: | E38: 1-Casa / villa? 2-Departamento en casa o edificio? 3-Cuarto/s en casa de inquilinato? 4-Mediagua? 5-Rancho? 6-Covacha? 7-Choza? 8-Otra vivienda particular? | F38: Principal | G38: Variable cualitativa nominal | H38: =IF(G38=Validaciones!$A$3,Validaciones!$C$2,IF(OR(G38=Validaciones!$A$4,G38=Validaciones!$A$5),Validaciones!$C$3,IF(OR(G38=Validaciones!$A$6,G38=Validaciones!$A$7),Validaciones!$C$2,"Seleccione el tipo de variable"))) -> Cadena | I38: 1 | J38: =IF(OR(G38=[1]Validaciones!$A$4,G38=[1]Validaciones!$A$5),"Ingrese el dato","No aplica") -> No aplica | K38: =IF(OR(G38=[1]Validaciones!$A$4,G38=[1]Validaciones!$A$5),"Ingrese el dato","No aplica") -> No aplica
A39: 26 | B39: s01_p05 | C39: El material predominante del piso de la vivienda es de | D39: ¿El material predominante del piso de la vivienda es de: | E39: 1-Duela, parquet, tablón o piso flotante? 2-Cerámica, baldosa, vinil o porcelanato? 3-Mármol o marmetón? 4-Ladrillo o cemento? 5-Tabla/ tablón no tratado? 6-Caña sin tratar? 7-Tierra? 8-Otro, ¿Cuál? (Especifique) | F39: Principal | G39: Variable cualitativa nominal | H39: =IF(G39=Validaciones!$A$3,Validaciones!$C$2,IF(OR(G39=Validaciones!$A$4,G39=Validaciones!$A$5),Validaciones!$C$3,IF(OR(G39=Validaciones!$A$6,G39=Validaciones!$A$7),Validaciones!$C$2,"Seleccione el tipo de variable"))) -> Cadena | I39: 1 | J39: =IF(OR(G39=[1]Validaciones!$A$4,G39=[1]Validaciones!$A$5),"Ingrese el dato","No aplica") -> No aplica | K39: =IF(OR(G39=[1]Validaciones!$A$4,G39=[1]Validaciones!$A$5),"Ingrese el dato","No aplica") -> No aplica
A40: 27 | B40: s01_p05c | C40: Cuál es el otro material predominante del piso de la vivienda - Otro | D40: ¿El material predominante del piso de la vivienda es de: Otro, ¿Cuál? (Especifique) | F40: Principal | G40: Variable cualitativa nominal | H40: =IF(G40=Validaciones!$A$3,Validaciones!$C$2,IF(OR(G40=Validaciones!$A$4,G40=Validaciones!$A$5),Validaciones!$C$3,IF(OR(G40=Validaciones!$A$6,G40=Validaciones!$A$7),Validaciones!$C$2,"Seleccione el tipo de variable"))) -> Cadena | I40: 200 | J40: =IF(OR(G40=[1]Validaciones!$A$4,G40=[1]Validaciones!$A$5),"Ingrese el dato","No aplica") -> No aplica | K40: =IF(OR(G40=[1]Validaciones!$A$4,G40=[1]Validaciones!$A$5),"Ingrese el dato","No aplica") -> No aplica
A41: 28 | B41: s01_p06 | C41: El agua que recibe la vivienda es | D41: ¿El agua que recibe la vivienda es: | E41: 1-Por tubería, dentro de la vivienda? 2-Por tubería, fuera de la vivienda, pero dentro del edificio, lote o terreno? 3-Por tubería fuera del edificio, lote o terreno? 4-No recibe agua por tubería, sino por otros medios? | F41: Principal | G41: Variable cualitativa nominal | H41: =IF(G41=Validaciones!$A$3,Validaciones!$C$2,IF(OR(G41=Validaciones!$A$4,G41=Validaciones!$A$5),Validaciones!$C$3,IF(OR(G41=Validaciones!$A$6,G41=Validaciones!$A$7),Validaciones!$C$2,"Seleccione el tipo de variable"))) -> Cadena | I41: 1 | J41: =IF(OR(G41=[1]Validaciones!$A$4,G41=[1]Validaciones!$A$5),"Ingrese el dato","No aplica") -> No aplica | K41: =IF(OR(G41=[1]Validaciones!$A$4,G41=[1]Validaciones!$A$5),"Ingrese el dato","No aplica") -> No aplica
A42: 29 | B42: s01_p07 | C42: Principalmente, ¿el agua que recibe la vivienda proviene o es | D42: Principalmente, ¿el agua que recibe la vivienda proviene o es suministrada por: | E42: 1-Empresa Pública/Municipio? 2-Juntas de Agua/Organizaciones Comunitarias/GAD parroquial 3-Pozo? 4-Carro o tanquero repartidor? 5-Otras fuentes (río, vertiente, acequia, canal, grieta, lluvia, etc.)? | F42: Principal | G42: Variable cualitativa nominal | H42: =IF(G42=Validaciones!$A$3,Validaciones!$C$2,IF(OR(G42=Validaciones!$A$4,G42=Validaciones!$A$5),Validaciones!$C$3,IF(OR(G42=Validaciones!$A$6,G42=Validaciones!$A$7),Validaciones!$C$2,"Seleccione el tipo de variable"))) -> Cadena | I42: 1 | J42: =IF(OR(G42=[1]Validaciones!$A$4,G42=[1]Validaciones!$A$5),"Ingrese el dato","No aplica") -> No aplica | K42: =IF(OR(G42=[1]Validaciones!$A$4,G42=[1]Validaciones!$A$5),"Ingrese el dato","No aplica") -> No aplica
A43: 30 | B43: s01_p08 | C43: El servicio higiénico de la vivienda es | D43: ¿El servicio higiénico de la vivienda es: | E43: 1-Inodoro o escusado conectado a red pública de alcantarillado? 2-Inodoro o escusado conectado a pozo séptico? 3-Inodoro o escusado conectado a biodigestor? 4-Inodoro o escusado conectado a pozo ciego? 5-Inodoro o escusado con descarga directa al mar, río, lago o quebrada? 6-Letrina? 7-No tiene | F43: Principal | G43: Variable cualitativa nominal | H43: =IF(G43=Validaciones!$A$3,Validaciones!$C$2,IF(OR(G43=Validaciones!$A$4,G43=Validaciones!$A$5),Validaciones!$C$3,IF(OR(G43=Validaciones!$A$6,G43=Validaciones!$A$7),Validaciones!$C$2,"Seleccione el tipo de variable"))) -> Cadena | I43: 1 | J43: =IF(OR(G43=[1]Validaciones!$A$4,G43=[1]Validaciones!$A$5),"Ingrese el dato","No aplica") -> No aplica | K43: =IF(OR(G43=[1]Validaciones!$A$4,G43=[1]Validaciones!$A$5),"Ingrese el dato","No aplica") -> No aplica
A44: 31 | B44: s02_p01 | C44: Actualmente con cuántas personas vive, incluido/a usted | D44: ¿Actualmente con cuántas personas vive, incluido/a usted? Número de personas | F44: Principal | G44: Variable cuantitativa discreta | H44: =IF(G44=Validaciones!$A$3,Validaciones!$C$2,IF(OR(G44=Validaciones!$A$4,G44=Validaciones!$A$5),Validaciones!$C$3,IF(OR(G44=Validaciones!$A$6,G44=Validaciones!$A$7),Validaciones!$C$2,"Seleccione el tipo de variable"))) -> Numérico | I44: =IF(OR(G44=[1]Validaciones!$A$6,G44=[1]Validaciones!$A$7),"Ingrese el dato",IF(G44=[1]Validaciones!$A$3,"Ingrese el dato","No aplica")) -> No aplica | J44: 1 | K44: 20
A45: 32 | B45: s02_p02 | C45: Sin contar la cocina, baño(s) y cuarto(s) de negocio, ¿cuántos cuartos tiene la vivienda que usted ocupa, incluyendo sala y comedor | D45: Sin contar la cocina, baño(s) y cuarto(s) de negocio, ¿cuántos cuartos tiene la vivienda que usted ocupa, incluyendo sala y comedor? Número de cuartos | F45: Principal | G45: Variable cuantitativa discreta | H45: =IF(G45=Validaciones!$A$3,Validaciones!$C$2,IF(OR(G45=Validaciones!$A$4,G45=Validaciones!$A$5),Validaciones!$C$3,IF(OR(G45=Validaciones!$A$6,G45=Validaciones!$A$7),Validaciones!$C$2,"Seleccione el tipo de variable"))) -> Numérico | I45: =IF(OR(G45=[1]Validaciones!$A$6,G45=[1]Validaciones!$A$7),"Ingrese el dato",IF(G45=[1]Validaciones!$A$3,"Ingrese el dato","No aplica")) -> No aplica | J45: 1 | K45: 20
A46: 33 | B46: s02_p03 | C46: Del total de cuartos de este hogar, ¿cuántos son exclusivos para dormir | D46: Del total de cuartos de este hogar, ¿cuántos son exclusivos para dormir? Número de cuartos | F46: Principal | G46: Variable cuantitativa discreta | H46: =IF(G46=Validaciones!$A$3,Validaciones!$C$2,IF(OR(G46=Validaciones!$A$4,G46=Validaciones!$A$5),Validaciones!$C$3,IF(OR(G46=Validaciones!$A$6,G46=Validaciones!$A$7),Validaciones!$C$2,"Seleccione el tipo de variable"))) -> Numérico | I46: =IF(OR(G46=[1]Validaciones!$A$6,G46=[1]Validaciones!$A$7),"Ingrese el dato",IF(G46=[1]Validaciones!$A$3,"Ingrese el dato","No aplica")) -> No aplica | J46: 1 | K46: 19
A47: 34 | B47: s02_p04 | C47: En su hogar tiene acceso a internet | D47: ¿En su hogar tiene acceso a internet? | E47: 1-SÍ 2-NO | F47: Principal | G47: Variable cualitativa nominal | H47: =IF(G47=Validaciones!$A$3,Validaciones!$C$2,IF(OR(G47=Validaciones!$A$4,G47=Validaciones!$A$5),Validaciones!$C$3,IF(OR(G47=Validaciones!$A$6,G47=Validaciones!$A$7),Validaciones!$C$2,"Seleccione el tipo de variable"))) -> Cadena | I47: 1 | J47: =IF(OR(G47=[1]Validaciones!$A$4,G47=[1]Validaciones!$A$5),"Ingrese el dato","No aplica") -> No aplica | K47: =IF(OR(G47=[1]Validaciones!$A$4,G47=[1]Validaciones!$A$5),"Ingrese el dato","No aplica") -> No aplica
A48: 35 | B48: s02_p05a | C48: Disponibilidad en el hogar - Computadora (de escritorio o laptop) | D48: ¿El hogar donde usted vive dispone de: Computadora (de escritorio o laptop)? | E48: 1-SÍ 2-NO | F48: Principal | G48: Variable cualitativa nominal | H48: =IF(G48=Validaciones!$A$3,Validaciones!$C$2,IF(OR(G48=Validaciones!$A$4,G48=Validaciones!$A$5),Validaciones!$C$3,IF(OR(G48=Validaciones!$A$6,G48=Validaciones!$A$7),Validaciones!$C$2,"Seleccione el tipo de variable"))) -> Cadena | I48: 1 | J48: =IF(OR(G48=[1]Validaciones!$A$4,G48=[1]Validaciones!$A$5),"Ingrese el dato","No aplica") -> No aplica | K48: =IF(OR(G48=[1]Validaciones!$A$4,G48=[1]Validaciones!$A$5),"Ingrese el dato","No aplica") -> No aplica
A49: 36 | B49: s02_p05b | C49: Disponibilidad en el hogar - Tablet | D49: ¿El hogar donde usted vive dispone de: Tablet? | E49: 1-SÍ 2-NO | F49: Principal | G49: Variable cualitativa nominal | H49: =IF(G49=Validaciones!$A$3,Validaciones!$C$2,IF(OR(G49=Validaciones!$A$4,G49=Validaciones!$A$5),Validaciones!$C$3,IF(OR(G49=Validaciones!$A$6,G49=Validaciones!$A$7),Validaciones!$C$2,"Seleccione el tipo de variable"))) -> Cadena | I49: 1 | J49: =IF(OR(G49=[1]Validaciones!$A$4,G49=[1]Validaciones!$A$5),"Ingrese el dato","No aplica") -> No aplica | K49: =IF(OR(G49=[1]Validaciones!$A$4,G49=[1]Validaciones!$A$5),"Ingrese el dato","No aplica") -> No aplica
A50: 37 | B50: s03_p01a | C50: Cuál es su fecha de nacimiento | D50: ¿Cuál es su fecha de nacimiento? Día | F50: Principal | G50: Variable cuantitativa discreta | H50: =IF(G50=Validaciones!$A$3,Validaciones!$C$2,IF(OR(G50=Validaciones!$A$4,G50=Validaciones!$A$5),Validaciones!$C$3,IF(OR(G50=Validaciones!$A$6,G50=Validaciones!$A$7),Validaciones!$C$2,"Seleccione el tipo de variable"))) -> Numérico | I50: =IF(OR(G50=[1]Validaciones!$A$6,G50=[1]Validaciones!$A$7),"Ingrese el dato",IF(G50=[1]Validaciones!$A$3,"Ingrese el dato","No aplica")) -> No aplica | J50: 1 | K50: 31, 99
A51: 38 | B51: s03_p01b | C51: Cuál es su fecha de nacimiento | D51: ¿Cuál es su fecha de nacimiento? Mes | F51: Principal | G51: Variable cuantitativa discreta | H51: =IF(G51=Validaciones!$A$3,Validaciones!$C$2,IF(OR(G51=Validaciones!$A$4,G51=Validaciones!$A$5),Validaciones!$C$3,IF(OR(G51=Validaciones!$A$6,G51=Validaciones!$A$7),Validaciones!$C$2,"Seleccione el tipo de variable"))) -> Numérico | I51: =IF(OR(G51=[1]Validaciones!$A$6,G51=[1]Validaciones!$A$7),"Ingrese el dato",IF(G51=[1]Validaciones!$A$3,"Ingrese el dato","No aplica")) -> No aplica | J51: 1 | K51: 12, 99
A52: 39 | B52: s03_p01c | C52: Cuál es su fecha de nacimiento | D52: ¿Cuál es su fecha de nacimiento? Año | F52: Principal | G52: Variable cuantitativa discreta | H52: =IF(G52=Validaciones!$A$3,Validaciones!$C$2,IF(OR(G52=Validaciones!$A$4,G52=Validaciones!$A$5),Validaciones!$C$3,IF(OR(G52=Validaciones!$A$6,G52=Validaciones!$A$7),Validaciones!$C$2,"Seleccione el tipo de variable"))) -> Numérico | I52: =IF(OR(G52=[1]Validaciones!$A$6,G52=[1]Validaciones!$A$7),"Ingrese el dato",IF(G52=[1]Validaciones!$A$3,"Ingrese el dato","No aplica")) -> No aplica | J52: 1908 | K52: 2007, 99
A53: 40 | B53: s03_p02 | C53: Cuántos años cumplidos tiene usted | D53: ¿Cuántos años cumplidos tiene usted? | F53: Principal | G53: Variable cuantitativa discreta | H53: =IF(G53=Validaciones!$A$3,Validaciones!$C$2,IF(OR(G53=Validaciones!$A$4,G53=Validaciones!$A$5),Validaciones!$C$3,IF(OR(G53=Validaciones!$A$6,G53=Validaciones!$A$7),Validaciones!$C$2,"Seleccione el tipo de variable"))) -> Numérico | I53: =IF(OR(G53=[1]Validaciones!$A$6,G53=[1]Validaciones!$A$7),"Ingrese el dato",IF(G53=[1]Validaciones!$A$3,"Ingrese el dato","No aplica")) -> No aplica | J53: 18 | K53: 99
A54: 41 | B54: s03_p03 | C54: Tiene número de cédula ecuatoriana | D54: ¿Tiene número de cédula ecuatoriana? | E54: 1-SÍ 2-NO | F54: Principal | G54: Variable cualitativa nominal | H54: =IF(G54=Validaciones!$A$3,Validaciones!$C$2,IF(OR(G54=Validaciones!$A$4,G54=Validaciones!$A$5),Validaciones!$C$3,IF(OR(G54=Validaciones!$A$6,G54=Validaciones!$A$7),Validaciones!$C$2,"Seleccione el tipo de variable"))) -> Cadena | I54: 1 | J54: =IF(OR(G54=[1]Validaciones!$A$4,G54=[1]Validaciones!$A$5),"Ingrese el dato","No aplica") -> No aplica | K54: =IF(OR(G54=[1]Validaciones!$A$4,G54=[1]Validaciones!$A$5),"Ingrese el dato","No aplica") -> No aplica
A55: 42 | B55: s03_p04 | C55: Cuál es su estado civil o unión conyugal actual | D55: ¿Cuál es su estado civil o unión conyugal actual: | E55: 1-Separada/o? 2-Divorciada/o? 3-Viuda/o? 4-Unida/o? 5-Unión de hecho inscrita en el registro civil? 6-Casada/o? 7-Soltera/o? | F55: Principal | G55: Variable cualitativa nominal | H55: =IF(G55=Validaciones!$A$3,Validaciones!$C$2,IF(OR(G55=Validaciones!$A$4,G55=Validaciones!$A$5),Validaciones!$C$3,IF(OR(G55=Validaciones!$A$6,G55=Validaciones!$A$7),Validaciones!$C$2,"Seleccione el tipo de variable"))) -> Cadena | I55: 1 | J55: =IF(OR(G55=[1]Validaciones!$A$4,G55=[1]Validaciones!$A$5),"Ingrese el dato","No aplica") -> No aplica | K55: =IF(OR(G55=[1]Validaciones!$A$4,G55=[1]Validaciones!$A$5),"Ingrese el dato","No aplica") -> No aplica
A56: 43 | B56: s03_p05 | C56: Cómo se identifica usted según su cultura y costumbres | D56: ¿Cómo se identifica usted según su cultura y costumbres: | E56: 1-Indígena? 2-Afroecuatoriana/o o afrodescendiente? 3-Negra/o? 4-Mulata/o? 5-Montubia/o? 6-Mestiza/o? 7-Blanca/o? 8-Otro, ¿Cuál? (Especifique) | F56: Principal | G56: Variable cualitativa nominal | H56: =IF(G56=Validaciones!$A$3,Validaciones!$C$2,IF(OR(G56=Validaciones!$A$4,G56=Validaciones!$A$5),Validaciones!$C$3,IF(OR(G56=Validaciones!$A$6,G56=Validaciones!$A$7),Validaciones!$C$2,"Seleccione el tipo de variable"))) -> Cadena | I56: 1 | J56: =IF(OR(G56=[1]Validaciones!$A$4,G56=[1]Validaciones!$A$5),"Ingrese el dato","No aplica") -> No aplica | K56: =IF(OR(G56=[1]Validaciones!$A$4,G56=[1]Validaciones!$A$5),"Ingrese el dato","No aplica") -> No aplica
A57: 44 | B57: s03_p05h | C57: Cómo se identifica usted según su cultura y costumbres - Otro | D57: ¿Cómo se identifica usted según su cultura y costumbres: Otro, ¿Cuál? (Especifique) | F57: Principal | G57: Variable cualitativa nominal | H57: =IF(G57=Validaciones!$A$3,Validaciones!$C$2,IF(OR(G57=Validaciones!$A$4,G57=Validaciones!$A$5),Validaciones!$C$3,IF(OR(G57=Validaciones!$A$6,G57=Validaciones!$A$7),Validaciones!$C$2,"Seleccione el tipo de variable"))) -> Cadena | I57: 200 | J57: =IF(OR(G57=[1]Validaciones!$A$4,G57=[1]Validaciones!$A$5),"Ingrese el dato","No aplica") -> No aplica | K57: =IF(OR(G57=[1]Validaciones!$A$4,G57=[1]Validaciones!$A$5),"Ingrese el dato","No aplica") -> No aplica
A58: 45 | B58: s03_p06a | C58: Afiliación o cobertura de seguro - Público (IESS, ISSFA, ISSPOL) | D58: ¿Actualmente está afiliado/a o cubierto/a por un seguro: Público (IESS, ISSFA, ISSPOL)? | E58: 1-SÍ 2-NO | F58: Principal | G58: Variable cualitativa nominal | H58: =IF(G58=Validaciones!$A$3,Validaciones!$C$2,IF(OR(G58=Validaciones!$A$4,G58=Validaciones!$A$5),Validaciones!$C$3,IF(OR(G58=Validaciones!$A$6,G58=Validaciones!$A$7),Validaciones!$C$2,"Seleccione el tipo de variable"))) -> Cadena | I58: 1 | J58: =IF(OR(G58=[1]Validaciones!$A$4,G58=[1]Validaciones!$A$5),"Ingrese el dato","No aplica") -> No aplica | K58: =IF(OR(G58=[1]Validaciones!$A$4,G58=[1]Validaciones!$A$5),"Ingrese el dato","No aplica") -> No aplica
A59: 46 | B59: s03_p06b | C59: Afiliación o cobertura de seguro - Privado | D59: ¿Actualmente está afiliado/a o cubierto/a por un seguro: Privado? | E59: 1-SÍ 2-NO | F59: Principal | G59: Variable cualitativa nominal | H59: =IF(G59=Validaciones!$A$3,Validaciones!$C$2,IF(OR(G59=Validaciones!$A$4,G59=Validaciones!$A$5),Validaciones!$C$3,IF(OR(G59=Validaciones!$A$6,G59=Validaciones!$A$7),Validaciones!$C$2,"Seleccione el tipo de variable"))) -> Cadena | I59: 1 | J59: =IF(OR(G59=[1]Validaciones!$A$4,G59=[1]Validaciones!$A$5),"Ingrese el dato","No aplica") -> No aplica | K59: =IF(OR(G59=[1]Validaciones!$A$4,G59=[1]Validaciones!$A$5),"Ingrese el dato","No aplica") -> No aplica
A60: 47 | B60: s03_p07a | C60: Usted tiene dificultad permanente para | D60: ¿Usted tiene dificultad permanente para: (Lea todas las opciones) 1. Caminar, subir o bajar gradas/escaleras? | E60: 1-No tiene dificultad 2-Alguna dificultad 3-Mucha dificultad 4-Total dificultad | F60: Principal | G60: Variable cualitativa ordinal | H60: =IF(G60=Validaciones!$A$3,Validaciones!$C$2,IF(OR(G60=Validaciones!$A$4,G60=Validaciones!$A$5),Validaciones!$C$3,IF(OR(G60=Validaciones!$A$6,G60=Validaciones!$A$7),Validaciones!$C$2,"Seleccione el tipo de variable"))) -> Cadena | I60: 1 | J60: =IF(OR(G60=[1]Validaciones!$A$4,G60=[1]Validaciones!$A$5),"Ingrese el dato","No aplica") -> No aplica | K60: =IF(OR(G60=[1]Validaciones!$A$4,G60=[1]Validaciones!$A$5),"Ingrese el dato","No aplica") -> No aplica
A61: 48 | B61: s03_p07b | C61: Usted tiene dificultad permanente para | D61: ¿Usted tiene dificultad permanente para: 2. Bañarse, vestirse, alimentarse por si mismo? | E61: 1-No tiene dificultad 2-Alguna dificultad 3-Mucha dificultad 4-Total dificultad | F61: Principal | G61: Variable cualitativa ordinal | H61: =IF(G61=Validaciones!$A$3,Validaciones!$C$2,IF(OR(G61=Validaciones!$A$4,G61=Validaciones!$A$5),Validaciones!$C$3,IF(OR(G61=Validaciones!$A$6,G61=Validaciones!$A$7),Validaciones!$C$2,"Seleccione el tipo de variable"))) -> Cadena | I61: 1 | J61: =IF(OR(G61=[1]Validaciones!$A$4,G61=[1]Validaciones!$A$5),"Ingrese el dato","No aplica") -> No aplica | K61: =IF(OR(G61=[1]Validaciones!$A$4,G61=[1]Validaciones!$A$5),"Ingrese el dato","No aplica") -> No aplica
A62: 49 | B62: s03_p07c | C62: Usted tiene dificultad permanente para | D62: ¿Usted tiene dificultad permanente para: 3. Hablar, comunicarse o conversar? | E62: 1-No tiene dificultad 2-Alguna dificultad 3-Mucha dificultad 4-Total dificultad | F62: Principal | G62: Variable cualitativa ordinal | H62: =IF(G62=Validaciones!$A$3,Validaciones!$C$2,IF(OR(G62=Validaciones!$A$4,G62=Validaciones!$A$5),Validaciones!$C$3,IF(OR(G62=Validaciones!$A$6,G62=Validaciones!$A$7),Validaciones!$C$2,"Seleccione el tipo de variable"))) -> Cadena | I62: 1 | J62: =IF(OR(G62=[1]Validaciones!$A$4,G62=[1]Validaciones!$A$5),"Ingrese el dato","No aplica") -> No aplica | K62: =IF(OR(G62=[1]Validaciones!$A$4,G62=[1]Validaciones!$A$5),"Ingrese el dato","No aplica") -> No aplica
A63: 50 | B63: s03_p07d | C63: Usted tiene dificultad permanente para | D63: ¿Usted tiene dificultad permanente para: 4. Oír, aun usando aparato auditivo? | E63: 1-No tiene dificultad 2-Alguna dificultad 3-Mucha dificultad 4-Total dificultad | F63: Principal | G63: Variable cualitativa ordinal | H63: =IF(G63=Validaciones!$A$3,Validaciones!$C$2,IF(OR(G63=Validaciones!$A$4,G63=Validaciones!$A$5),Validaciones!$C$3,IF(OR(G63=Validaciones!$A$6,G63=Validaciones!$A$7),Validaciones!$C$2,"Seleccione el tipo de variable"))) -> Cadena | I63: 1 | J63: =IF(OR(G63=[1]Validaciones!$A$4,G63=[1]Validaciones!$A$5),"Ingrese el dato","No aplica") -> No aplica | K63: =IF(OR(G63=[1]Validaciones!$A$4,G63=[1]Validaciones!$A$5),"Ingrese el dato","No aplica") -> No aplica
A64: 51 | B64: s03_p07e | C64: Usted tiene dificultad permanente para | D64: ¿Usted tiene dificultad permanente para: 5. Ver, aun usando lentes? | E64: 1-No tiene dificultad 2-Alguna dificultad 3-Mucha dificultad 4-Total dificultad | F64: Principal | G64: Variable cualitativa ordinal | H64: =IF(G64=Validaciones!$A$3,Validaciones!$C$2,IF(OR(G64=Validaciones!$A$4,G64=Validaciones!$A$5),Validaciones!$C$3,IF(OR(G64=Validaciones!$A$6,G64=Validaciones!$A$7),Validaciones!$C$2,"Seleccione el tipo de variable"))) -> Cadena | I64: 1 | J64: =IF(OR(G64=[1]Validaciones!$A$4,G64=[1]Validaciones!$A$5),"Ingrese el dato","No aplica") -> No aplica | K64: =IF(OR(G64=[1]Validaciones!$A$4,G64=[1]Validaciones!$A$5),"Ingrese el dato","No aplica") -> No aplica
A65: 52 | B65: s03_p07f | C65: Usted tiene dificultad permanente para | D65: ¿Usted tiene dificultad permanente para: 6.Recordar, entender o concentrarse? | E65: 1-No tiene dificultad 2-Alguna dificultad 3-Mucha dificultad 4-Total dificultad | F65: Principal | G65: Variable cualitativa ordinal | H65: =IF(G65=Validaciones!$A$3,Validaciones!$C$2,IF(OR(G65=Validaciones!$A$4,G65=Validaciones!$A$5),Validaciones!$C$3,IF(OR(G65=Validaciones!$A$6,G65=Validaciones!$A$7),Validaciones!$C$2,"Seleccione el tipo de variable"))) -> Cadena | I65: 1 | J65: =IF(OR(G65=[1]Validaciones!$A$4,G65=[1]Validaciones!$A$5),"Ingrese el dato","No aplica") -> No aplica | K65: =IF(OR(G65=[1]Validaciones!$A$4,G65=[1]Validaciones!$A$5),"Ingrese el dato","No aplica") -> No aplica
A66: 53 | B66: s03_p08 | C66: Tiene alguna discapacidad calificada por el Ministerio de Salud Pública (MSP) | D66: ¿Tiene alguna discapacidad calificada por el Ministerio de Salud Pública (MSP)? | E66: 1-SÍ 2-NO | F66: Principal | G66: Variable cualitativa nominal | H66: =IF(G66=Validaciones!$A$3,Validaciones!$C$2,IF(OR(G66=Validaciones!$A$4,G66=Validaciones!$A$5),Validaciones!$C$3,IF(OR(G66=Validaciones!$A$6,G66=Validaciones!$A$7),Validaciones!$C$2,"Seleccione el tipo de variable"))) -> Cadena | I66: 1 | J66: =IF(OR(G66=[1]Validaciones!$A$4,G66=[1]Validaciones!$A$5),"Ingrese el dato","No aplica") -> No aplica | K66: =IF(OR(G66=[1]Validaciones!$A$4,G66=[1]Validaciones!$A$5),"Ingrese el dato","No aplica") -> No aplica
A67: 54 | B67: s03_p09 | C67: Su discapacidad es | D67: ¿Su discapacidad es: | E67: 1-Intelectual? 2-Física (motora, visceral)? 3-Visual (ceguera, baja visión)? 4-Auditiva (sordera)? 5-Psicosocial (autismo, asperger, etc.)? 6-Lenguaje? | F67: Principal | G67: Variable cualitativa nominal | H67: =IF(G67=Validaciones!$A$3,Validaciones!$C$2,IF(OR(G67=Validaciones!$A$4,G67=Validaciones!$A$5),Validaciones!$C$3,IF(OR(G67=Validaciones!$A$6,G67=Validaciones!$A$7),Validaciones!$C$2,"Seleccione el tipo de variable"))) -> Cadena | I67: 1 | J67: =IF(OR(G67=[1]Validaciones!$A$4,G67=[1]Validaciones!$A$5),"Ingrese el dato","No aplica") -> No aplica | K67: =IF(OR(G67=[1]Validaciones!$A$4,G67=[1]Validaciones!$A$5),"Ingrese el dato","No aplica") -> No aplica
A68: 55 | B68: s03_p10 | C68: Lugar de nacimiento | D68: ¿Dónde nació: | E68: 1-En esta ciudad o parroquia rural? 2-En otro lugar del país? 3-En otro país? | F68: Principal | G68: Variable cualitativa nominal | H68: =IF(G68=Validaciones!$A$3,Validaciones!$C$2,IF(OR(G68=Validaciones!$A$4,G68=Validaciones!$A$5),Validaciones!$C$3,IF(OR(G68=Validaciones!$A$6,G68=Validaciones!$A$7),Validaciones!$C$2,"Seleccione el tipo de variable"))) -> Cadena | I68: 1 | J68: =IF(OR(G68=[1]Validaciones!$A$4,G68=[1]Validaciones!$A$5),"Ingrese el dato","No aplica") -> No aplica | K68: =IF(OR(G68=[1]Validaciones!$A$4,G68=[1]Validaciones!$A$5),"Ingrese el dato","No aplica") -> No aplica
A69: 56 | B69: s03_p10a | C69: Lugar de nacimiento Provincia/País | D69: ¿Dónde nació: 2-En otro lugar del país? 3-En otro país? | E69: Anexo listado de Provincias del Ecuador y Países | F69: Principal | G69: Variable cualitativa nominal | H69: =IF(G69=Validaciones!$A$3,Validaciones!$C$2,IF(OR(G69=Validaciones!$A$4,G69=Validaciones!$A$5),Validaciones!$C$3,IF(OR(G69=Validaciones!$A$6,G69=Validaciones!$A$7),Validaciones!$C$2,"Seleccione el tipo de variable"))) -> Cadena | I69: 3 | J69: =IF(OR(G69=[1]Validaciones!$A$4,G69=[1]Validaciones!$A$5),"Ingrese el dato","No aplica") -> No aplica | K69: =IF(OR(G69=[1]Validaciones!$A$4,G69=[1]Validaciones!$A$5),"Ingrese el dato","No aplica") -> No aplica
A70: 57 | B70: provincia_pais | C70: Provincia_pais | D70: provincia_pais | F70: Principal | G70: Variable cualitativa nominal | H70: =IF(G70=Validaciones!$A$3,Validaciones!$C$2,IF(OR(G70=Validaciones!$A$4,G70=Validaciones!$A$5),Validaciones!$C$3,IF(OR(G70=Validaciones!$A$6,G70=Validaciones!$A$7),Validaciones!$C$2,"Seleccione el tipo de variable"))) -> Cadena | J70: =IF(OR(G70=[1]Validaciones!$A$4,G70=[1]Validaciones!$A$5),"Ingrese el dato","No aplica") -> No aplica | K70: =IF(OR(G70=[1]Validaciones!$A$4,G70=[1]Validaciones!$A$5),"Ingrese el dato","No aplica") -> No aplica
A71: 58 | B71: s03_p10b | C71: Lugar de nacimiento Cantón | D71: ¿Dónde nació: 2-En otro lugar del país? | E71: Anexo listado de Cantones del Ecuador | F71: Principal | G71: Variable cualitativa nominal | H71: =IF(G71=Validaciones!$A$3,Validaciones!$C$2,IF(OR(G71=Validaciones!$A$4,G71=Validaciones!$A$5),Validaciones!$C$3,IF(OR(G71=Validaciones!$A$6,G71=Validaciones!$A$7),Validaciones!$C$2,"Seleccione el tipo de variable"))) -> Cadena | I71: 2 | J71: =IF(OR(G71=[1]Validaciones!$A$4,G71=[1]Validaciones!$A$5),"Ingrese el dato","No aplica") -> No aplica | K71: =IF(OR(G71=[1]Validaciones!$A$4,G71=[1]Validaciones!$A$5),"Ingrese el dato","No aplica") -> No aplica
A72: 59 | B72: canton | C72: Canton | D72: canton | F72: Principal | G72: Variable cualitativa nominal | H72: =IF(G72=Validaciones!$A$3,Validaciones!$C$2,IF(OR(G72=Validaciones!$A$4,G72=Validaciones!$A$5),Validaciones!$C$3,IF(OR(G72=Validaciones!$A$6,G72=Validaciones!$A$7),Validaciones!$C$2,"Seleccione el tipo de variable"))) -> Cadena | J72: =IF(OR(G72=[1]Validaciones!$A$4,G72=[1]Validaciones!$A$5),"Ingrese el dato","No aplica") -> No aplica | K72: =IF(OR(G72=[1]Validaciones!$A$4,G72=[1]Validaciones!$A$5),"Ingrese el dato","No aplica") -> No aplica
A73: 60 | B73: s03_p10c | C73: Lugar de nacimiento Parroquia | D73: ¿Dónde nació: 2-En otro lugar del país? | E73: Anexo listado de Parroquias del Ecuador | F73: Principal | G73: Variable cualitativa nominal | H73: =IF(G73=Validaciones!$A$3,Validaciones!$C$2,IF(OR(G73=Validaciones!$A$4,G73=Validaciones!$A$5),Validaciones!$C$3,IF(OR(G73=Validaciones!$A$6,G73=Validaciones!$A$7),Validaciones!$C$2,"Seleccione el tipo de variable"))) -> Cadena | I73: 2 | J73: =IF(OR(G73=[1]Validaciones!$A$4,G73=[1]Validaciones!$A$5),"Ingrese el dato","No aplica") -> No aplica | K73: =IF(OR(G73=[1]Validaciones!$A$4,G73=[1]Validaciones!$A$5),"Ingrese el dato","No aplica") -> No aplica
A74: 61 | B74: parroquia | C74: Parroquia | D74: parroquia | F74: Principal | G74: Variable cualitativa nominal | H74: =IF(G74=Validaciones!$A$3,Validaciones!$C$2,IF(OR(G74=Validaciones!$A$4,G74=Validaciones!$A$5),Validaciones!$C$3,IF(OR(G74=Validaciones!$A$6,G74=Validaciones!$A$7),Validaciones!$C$2,"Seleccione el tipo de variable"))) -> Cadena | J74: =IF(OR(G74=[1]Validaciones!$A$4,G74=[1]Validaciones!$A$5),"Ingrese el dato","No aplica") -> No aplica | K74: =IF(OR(G74=[1]Validaciones!$A$4,G74=[1]Validaciones!$A$5),"Ingrese el dato","No aplica") -> No aplica
A75: 62 | B75: s03_p11 | C75: Cuál es la razón principal por la que vino a este lugar/ ciudad | D75: ¿Cuál es la razón principal por la que vino a este lugar/ ciudad? | E75: 1-Vino con su familia 2-Por trabajo 3-Salud/enfermedad 4-Estudios 5-Matrimonio / relación de pareja 6-Compró o le dieron casa o terreno 7-Le discriminaron en su lugar de nacimiento 8-Le expulsaron de su casa 9-Otro, ¿Cuál? (Especifique) | F75: Principal | G75: Variable cualitativa nominal | H75: =IF(G75=Validaciones!$A$3,Validaciones!$C$2,IF(OR(G75=Validaciones!$A$4,G75=Validaciones!$A$5),Validaciones!$C$3,IF(OR(G75=Validaciones!$A$6,G75=Validaciones!$A$7),Validaciones!$C$2,"Seleccione el tipo de variable"))) -> Cadena | I75: 1 | J75: =IF(OR(G75=[1]Validaciones!$A$4,G75=[1]Validaciones!$A$5),"Ingrese el dato","No aplica") -> No aplica | K75: =IF(OR(G75=[1]Validaciones!$A$4,G75=[1]Validaciones!$A$5),"Ingrese el dato","No aplica") -> No aplica
A76: 63 | B76: s03_p11i | C76: Cuál es la razón principal por la que vino a este lugar/ ciudad, - Otro | D76: ¿Cuál es la razón principal por la que vino a este lugar/ ciudad? Otro, ¿Cuál? (especifique) | F76: Principal | G76: Variable cualitativa nominal | H76: =IF(G76=Validaciones!$A$3,Validaciones!$C$2,IF(OR(G76=Validaciones!$A$4,G76=Validaciones!$A$5),Validaciones!$C$3,IF(OR(G76=Validaciones!$A$6,G76=Validaciones!$A$7),Validaciones!$C$2,"Seleccione el tipo de variable"))) -> Cadena | I76: 200 | J76: =IF(OR(G76=[1]Validaciones!$A$4,G76=[1]Validaciones!$A$5),"Ingrese el dato","No aplica") -> No aplica | K76: =IF(OR(G76=[1]Validaciones!$A$4,G76=[1]Validaciones!$A$5),"Ingrese el dato","No aplica") -> No aplica
A77: 64 | B77: s03_p12 | C77: Actualmente su condición migratoria es | D77: ¿Actualmente su condición migratoria es: | E77: 1-Refugiada/o? 2-Solicitante de refugio? 3-Residente temporal? 4-Residente permanente? 5-No regularizado? 6-Otro, ¿Cuál? (Especifique) 99-No sabe/ no responde | F77: Principal | G77: Variable cualitativa nominal | H77: =IF(G77=Validaciones!$A$3,Validaciones!$C$2,IF(OR(G77=Validaciones!$A$4,G77=Validaciones!$A$5),Validaciones!$C$3,IF(OR(G77=Validaciones!$A$6,G77=Validaciones!$A$7),Validaciones!$C$2,"Seleccione el tipo de variable"))) -> Cadena | I77: 2 | J77: =IF(OR(G77=[1]Validaciones!$A$4,G77=[1]Validaciones!$A$5),"Ingrese el dato","No aplica") -> No aplica | K77: =IF(OR(G77=[1]Validaciones!$A$4,G77=[1]Validaciones!$A$5),"Ingrese el dato","No aplica") -> No aplica
A78: 65 | B78: s03_p12f | C78: Condición migratoria actual - Otro | D78: ¿Actualmente su condición migratoria es: Otro, ¿Cuál? ( Especifique) | F78: Principal | G78: Variable cualitativa nominal | H78: =IF(G78=Validaciones!$A$3,Validaciones!$C$2,IF(OR(G78=Validaciones!$A$4,G78=Validaciones!$A$5),Validaciones!$C$3,IF(OR(G78=Validaciones!$A$6,G78=Validaciones!$A$7),Validaciones!$C$2,"Seleccione el tipo de variable"))) -> Cadena | I78: 200 | J78: =IF(OR(G78=[1]Validaciones!$A$4,G78=[1]Validaciones!$A$5),"Ingrese el dato","No aplica") -> No aplica | K78: =IF(OR(G78=[1]Validaciones!$A$4,G78=[1]Validaciones!$A$5),"Ingrese el dato","No aplica") -> No aplica
A79: 66 | B79: s03_p13 | C79: Usted tiene teléfono celular tipo Smartphone activado | D79: ¿Usted tiene teléfono celular tipo Smartphone activado? | E79: 1-SÍ 2-NO | F79: Principal | G79: Variable cualitativa nominal | H79: =IF(G79=Validaciones!$A$3,Validaciones!$C$2,IF(OR(G79=Validaciones!$A$4,G79=Validaciones!$A$5),Validaciones!$C$3,IF(OR(G79=Validaciones!$A$6,G79=Validaciones!$A$7),Validaciones!$C$2,"Seleccione el tipo de variable"))) -> Cadena | I79: 1 | J79: =IF(OR(G79=[1]Validaciones!$A$4,G79=[1]Validaciones!$A$5),"Ingrese el dato","No aplica") -> No aplica | K79: =IF(OR(G79=[1]Validaciones!$A$4,G79=[1]Validaciones!$A$5),"Ingrese el dato","No aplica") -> No aplica
A80: 67 | B80: s03_p14a | C80: Uso en teléfono celular - Datos móviles | D80: ¿Utiliza en su teléfono celular: Datos móviles? | E80: 1-SÍ 2-NO | F80: Principal | G80: Variable cualitativa nominal | H80: =IF(G80=Validaciones!$A$3,Validaciones!$C$2,IF(OR(G80=Validaciones!$A$4,G80=Validaciones!$A$5),Validaciones!$C$3,IF(OR(G80=Validaciones!$A$6,G80=Validaciones!$A$7),Validaciones!$C$2,"Seleccione el tipo de variable"))) -> Cadena | I80: 1 | J80: =IF(OR(G80=[1]Validaciones!$A$4,G80=[1]Validaciones!$A$5),"Ingrese el dato","No aplica") -> No aplica | K80: =IF(OR(G80=[1]Validaciones!$A$4,G80=[1]Validaciones!$A$5),"Ingrese el dato","No aplica") -> No aplica
A81: 68 | B81: s03_p14b | C81: Uso en teléfono celular - Redes sociales | D81: ¿Utiliza en su teléfono celular: Redes sociales? | E81: 1-SÍ 2-NO | F81: Principal | G81: Variable cualitativa nominal | H81: =IF(G81=Validaciones!$A$3,Validaciones!$C$2,IF(OR(G81=Validaciones!$A$4,G81=Validaciones!$A$5),Validaciones!$C$3,IF(OR(G81=Validaciones!$A$6,G81=Validaciones!$A$7),Validaciones!$C$2,"Seleccione el tipo de variable"))) -> Cadena | I81: 1 | J81: =IF(OR(G81=[1]Validaciones!$A$4,G81=[1]Validaciones!$A$5),"Ingrese el dato","No aplica") -> No aplica | K81: =IF(OR(G81=[1]Validaciones!$A$4,G81=[1]Validaciones!$A$5),"Ingrese el dato","No aplica") -> No aplica
A82: 69 | B82: s03_p14c | C82: Uso en teléfono celular - Bluetooth | D82: ¿Utiliza en su teléfono celular: Bluetooth? | E82: 1-SÍ 2-NO | F82: Principal | G82: Variable cualitativa nominal | H82: =IF(G82=Validaciones!$A$3,Validaciones!$C$2,IF(OR(G82=Validaciones!$A$4,G82=Validaciones!$A$5),Validaciones!$C$3,IF(OR(G82=Validaciones!$A$6,G82=Validaciones!$A$7),Validaciones!$C$2,"Seleccione el tipo de variable"))) -> Cadena | I82: 1 | J82: =IF(OR(G82=[1]Validaciones!$A$4,G82=[1]Validaciones!$A$5),"Ingrese el dato","No aplica") -> No aplica | K82: =IF(OR(G82=[1]Validaciones!$A$4,G82=[1]Validaciones!$A$5),"Ingrese el dato","No aplica") -> No aplica
A83: 70 | B83: s03_p14d | C83: Uso en teléfono celular - Correo electrónico | D83: ¿Utiliza en su teléfono celular: Correo electrónico? | E83: 1-SÍ 2-NO | F83: Principal | G83: Variable cualitativa nominal | H83: =IF(G83=Validaciones!$A$3,Validaciones!$C$2,IF(OR(G83=Validaciones!$A$4,G83=Validaciones!$A$5),Validaciones!$C$3,IF(OR(G83=Validaciones!$A$6,G83=Validaciones!$A$7),Validaciones!$C$2,"Seleccione el tipo de variable"))) -> Cadena | I83: 1 | J83: =IF(OR(G83=[1]Validaciones!$A$4,G83=[1]Validaciones!$A$5),"Ingrese el dato","No aplica") -> No aplica | K83: =IF(OR(G83=[1]Validaciones!$A$4,G83=[1]Validaciones!$A$5),"Ingrese el dato","No aplica") -> No aplica
A84: 71 | B84: s03_p14e | C84: Uso en teléfono celular - Google maps/GPS | D84: ¿Utiliza en su teléfono celular: Google maps/GPS? | E84: 1-SÍ 2-NO | F84: Principal | G84: Variable cualitativa nominal | H84: =IF(G84=Validaciones!$A$3,Validaciones!$C$2,IF(OR(G84=Validaciones!$A$4,G84=Validaciones!$A$5),Validaciones!$C$3,IF(OR(G84=Validaciones!$A$6,G84=Validaciones!$A$7),Validaciones!$C$2,"Seleccione el tipo de variable"))) -> Cadena | I84: 1 | J84: =IF(OR(G84=[1]Validaciones!$A$4,G84=[1]Validaciones!$A$5),"Ingrese el dato","No aplica") -> No aplica | K84: =IF(OR(G84=[1]Validaciones!$A$4,G84=[1]Validaciones!$A$5),"Ingrese el dato","No aplica") -> No aplica
A85: 72 | B85: s03_p14f | C85: Uso en teléfono celular - Descarga de juegos, música, etc | D85: ¿Utiliza en su teléfono celular: Descarga de juegos, música, etc? | E85: 1-SÍ 2-NO | F85: Principal | G85: Variable cualitativa nominal | H85: =IF(G85=Validaciones!$A$3,Validaciones!$C$2,IF(OR(G85=Validaciones!$A$4,G85=Validaciones!$A$5),Validaciones!$C$3,IF(OR(G85=Validaciones!$A$6,G85=Validaciones!$A$7),Validaciones!$C$2,"Seleccione el tipo de variable"))) -> Cadena | I85: 1 | J85: =IF(OR(G85=[1]Validaciones!$A$4,G85=[1]Validaciones!$A$5),"Ingrese el dato","No aplica") -> No aplica | K85: =IF(OR(G85=[1]Validaciones!$A$4,G85=[1]Validaciones!$A$5),"Ingrese el dato","No aplica") -> No aplica
A86: 73 | B86: s03_p14g | C86: Uso en teléfono celular - Cámara | D86: ¿Utiliza en su teléfono celular: Cámara | E86: 1-SÍ 2-NO | F86: Principal | G86: Variable cualitativa nominal | H86: =IF(G86=Validaciones!$A$3,Validaciones!$C$2,IF(OR(G86=Validaciones!$A$4,G86=Validaciones!$A$5),Validaciones!$C$3,IF(OR(G86=Validaciones!$A$6,G86=Validaciones!$A$7),Validaciones!$C$2,"Seleccione el tipo de variable"))) -> Cadena | I86: 1 | J86: =IF(OR(G86=[1]Validaciones!$A$4,G86=[1]Validaciones!$A$5),"Ingrese el dato","No aplica") -> No aplica | K86: =IF(OR(G86=[1]Validaciones!$A$4,G86=[1]Validaciones!$A$5),"Ingrese el dato","No aplica") -> No aplica
A87: 74 | B87: s03_p14h | C87: Uso en teléfono celular - Video conferencia | D87: ¿Utiliza en su teléfono celular: Video conferencia? | E87: 1-SÍ 2-NO | F87: Principal | G87: Variable cualitativa nominal | H87: =IF(G87=Validaciones!$A$3,Validaciones!$C$2,IF(OR(G87=Validaciones!$A$4,G87=Validaciones!$A$5),Validaciones!$C$3,IF(OR(G87=Validaciones!$A$6,G87=Validaciones!$A$7),Validaciones!$C$2,"Seleccione el tipo de variable"))) -> Cadena | I87: 1 | J87: =IF(OR(G87=[1]Validaciones!$A$4,G87=[1]Validaciones!$A$5),"Ingrese el dato","No aplica") -> No aplica | K87: =IF(OR(G87=[1]Validaciones!$A$4,G87=[1]Validaciones!$A$5),"Ingrese el dato","No aplica") -> No aplica
A88: 75 | B88: s03_p15a | C88: Uso para informarse - Televisión | D88: ¿Usted para informar usa: Televisión? | E88: 1-SÍ 2-NO | F88: Principal | G88: Variable cualitativa nominal | H88: =IF(G88=Validaciones!$A$3,Validaciones!$C$2,IF(OR(G88=Validaciones!$A$4,G88=Validaciones!$A$5),Validaciones!$C$3,IF(OR(G88=Validaciones!$A$6,G88=Validaciones!$A$7),Validaciones!$C$2,"Seleccione el tipo de variable"))) -> Cadena | I88: 1 | J88: =IF(OR(G88=[1]Validaciones!$A$4,G88=[1]Validaciones!$A$5),"Ingrese el dato","No aplica") -> No aplica | K88: =IF(OR(G88=[1]Validaciones!$A$4,G88=[1]Validaciones!$A$5),"Ingrese el dato","No aplica") -> No aplica
A89: 76 | B89: s03_p15b | C89: Uso para informarse - Radio | D89: ¿Usted para informar usa: Radio? | E89: 1-SÍ 2-NO | F89: Principal | G89: Variable cualitativa nominal | H89: =IF(G89=Validaciones!$A$3,Validaciones!$C$2,IF(OR(G89=Validaciones!$A$4,G89=Validaciones!$A$5),Validaciones!$C$3,IF(OR(G89=Validaciones!$A$6,G89=Validaciones!$A$7),Validaciones!$C$2,"Seleccione el tipo de variable"))) -> Cadena | I89: 1 | J89: =IF(OR(G89=[1]Validaciones!$A$4,G89=[1]Validaciones!$A$5),"Ingrese el dato","No aplica") -> No aplica | K89: =IF(OR(G89=[1]Validaciones!$A$4,G89=[1]Validaciones!$A$5),"Ingrese el dato","No aplica") -> No aplica
A90: 77 | B90: s03_p15c | C90: Uso para informarse - Diarios/ revistas | D90: ¿Usted para informar usa: Diarios/ revistas? | E90: 1-SÍ 2-NO | F90: Principal | G90: Variable cualitativa nominal | H90: =IF(G90=Validaciones!$A$3,Validaciones!$C$2,IF(OR(G90=Validaciones!$A$4,G90=Validaciones!$A$5),Validaciones!$C$3,IF(OR(G90=Validaciones!$A$6,G90=Validaciones!$A$7),Validaciones!$C$2,"Seleccione el tipo de variable"))) -> Cadena | I90: 1 | J90: =IF(OR(G90=[1]Validaciones!$A$4,G90=[1]Validaciones!$A$5),"Ingrese el dato","No aplica") -> No aplica | K90: =IF(OR(G90=[1]Validaciones!$A$4,G90=[1]Validaciones!$A$5),"Ingrese el dato","No aplica") -> No aplica
... A99: 86 | B99: s04_p02 | C99: Cuál es la razón principal por la que no asiste a la educación regular o formal | D99: ¿Cuál es la razón principal por la que no asiste a la educación regular o formal? | E99: 1-Edad 2-Terminó sus estudios 3-Falta de recursos económicos 4-Por trabajo 5-Por temor a los maestros 6-Por enfermedad o discapacidad 7-Por ayudar en quehaceres del hogar 8-La familia no le permite estudiar 9-No está interesado/a en estudiar 10-Motivos de discriminación por orientación sexual o identidad de género 11-Otro, ¿Cuál? (Especifique) | F99: Principal | G99: Variable cualitativa nominal | H99: =IF(G99=Validaciones!$A$3,Validaciones!$C$2,IF(OR(G99=Validaciones!$A$4,G99=Validaciones!$A$5),Validaciones!$C$3,IF(OR(G99=Validaciones!$A$6,G99=Validaciones!$A$7),Validaciones!$C$2,"Seleccione el tipo de variable"))) -> Cadena | I99: 2 | J99: =IF(OR(G99=[1]Validaciones!$A$4,G99=[1]Validaciones!$A$5),"Ingrese el dato","No aplica") -> No aplica | K99: =IF(OR(G99=[1]Validaciones!$A$4,G99=[1]Validaciones!$A$5),"Ingrese el dato","No aplica") -> No aplica
A100: 87 | B100: s04_p02k | C100: Razón principal por la que no asiste a la educación regular o formal - Otro | D100: ¿Cuál es la razón principal por la que no asiste a la educación regular o formal? Otro, ¿Cuál? (Especifique) | F100: Principal | G100: Variable cualitativa nominal | H100: =IF(G100=Validaciones!$A$3,Validaciones!$C$2,IF(OR(G100=Validaciones!$A$4,G100=Validaciones!$A$5),Validaciones!$C$3,IF(OR(G100=Validaciones!$A$6,G100=Validaciones!$A$7),Validaciones!$C$2,"Seleccione el tipo de variable"))) -> Cadena | I100: 200 | J100: =IF(OR(G100=[1]Validaciones!$A$4,G100=[1]Validaciones!$A$5),"Ingrese el dato","No aplica") -> No aplica | K100: =IF(OR(G100=[1]Validaciones!$A$4,G100=[1]Validaciones!$A$5),"Ingrese el dato","No aplica") -> No aplica
A101: 88 | B101: s04_p03 | C101: Cuál es el nivel de instrucción y año más alto que aprobó | D101: ¿Cuál es el nivel de instrucción y año más alto que aprobó? | E101: 1-Ninguno 2-Centro de alfabetización 3-Jardín de infantes / preescolar 4-Primaria 5-Educación General Básica (EGB) 6-Secundaria 7-Educación media/bachillerato 8-Superior no universitario (institutos superiores técnicos y tecnológicos) 9-Superior universitario (universidades, escuelas politécnicas) 10-Posgrado (maestría / PhD) | F101: Principal | G101: Variable cualitativa ordinal | H101: =IF(G101=Validaciones!$A$3,Validaciones!$C$2,IF(OR(G101=Validaciones!$A$4,G101=Validaciones!$A$5),Validaciones!$C$3,IF(OR(G101=Validaciones!$A$6,G101=Validaciones!$A$7),Validaciones!$C$2,"Seleccione el tipo de variable"))) -> Cadena | I101: 2 | J101: =IF(OR(G101=[1]Validaciones!$A$4,G101=[1]Validaciones!$A$5),"Ingrese el dato","No aplica") -> No aplica | K101: =IF(OR(G101=[1]Validaciones!$A$4,G101=[1]Validaciones!$A$5),"Ingrese el dato","No aplica") -> No aplica
A102: 89 | B102: s04_p03k | C102: Cuál es el nivel de instrucción y año más alto que aprobó | D102: ¿Cuál es el nivel de instrucción y año más alto que aprobó? Año | F102: Principal | G102: Variable cualitativa nominal | H102: =IF(G102=Validaciones!$A$3,Validaciones!$C$2,IF(OR(G102=Validaciones!$A$4,G102=Validaciones!$A$5),Validaciones!$C$3,IF(OR(G102=Validaciones!$A$6,G102=Validaciones!$A$7),Validaciones!$C$2,"Seleccione el tipo de variable"))) -> Cadena | I102: 10 | J102: =IF(OR(G102=[1]Validaciones!$A$4,G102=[1]Validaciones!$A$5),"Ingrese el dato","No aplica") -> No aplica | K102: =IF(OR(G102=[1]Validaciones!$A$4,G102=[1]Validaciones!$A$5),"Ingrese el dato","No aplica") -> No aplica
A103: 90 | B103: s04_p04 | C103: Sabe leer y escribir | D103: ¿Sabe leer y escribir? | E103: 1-SÍ 2-NO | F103: Principal | G103: Variable cualitativa nominal | H103: =IF(G103=Validaciones!$A$3,Validaciones!$C$2,IF(OR(G103=Validaciones!$A$4,G103=Validaciones!$A$5),Validaciones!$C$3,IF(OR(G103=Validaciones!$A$6,G103=Validaciones!$A$7),Validaciones!$C$2,"Seleccione el tipo de variable"))) -> Cadena | I103: 1 | J103: =IF(OR(G103=[1]Validaciones!$A$4,G103=[1]Validaciones!$A$5),"Ingrese el dato","No aplica") -> No aplica | K103: =IF(OR(G103=[1]Validaciones!$A$4,G103=[1]Validaciones!$A$5),"Ingrese el dato","No aplica") -> No aplica
A104: 91 | B104: s04_p05 | C104: Obtuvo algún título en el nivel que indicó | D104: ¿Obtuvo algún título en el nivel que indicó? | E104: 1-SÍ 2-NO | F104: Principal | G104: Variable cualitativa nominal | H104: =IF(G104=Validaciones!$A$3,Validaciones!$C$2,IF(OR(G104=Validaciones!$A$4,G104=Validaciones!$A$5),Validaciones!$C$3,IF(OR(G104=Validaciones!$A$6,G104=Validaciones!$A$7),Validaciones!$C$2,"Seleccione el tipo de variable"))) -> Cadena | I104: 1 | J104: =IF(OR(G104=[1]Validaciones!$A$4,G104=[1]Validaciones!$A$5),"Ingrese el dato","No aplica") -> No aplica | K104: =IF(OR(G104=[1]Validaciones!$A$4,G104=[1]Validaciones!$A$5),"Ingrese el dato","No aplica") -> No aplica
A105: 92 | B105: s05_p01 | C105: La semana pasada usted | D105: ¿La semana pasada usted: | E105: 1-Trabajó al menos una hora para generar un ingreso? 2-Realizó algún trabajo ocasional (cachueloo chaucha) por un pago? 3-Atendió un negocio propio? 4-Ayudó en algún negocio o empleo de algún miembro de su hogar? 5-No trabajó, pero si tiene un trabajo al que seguro va a volver? (por vacaciones, enfermedad, etc.) 6-Hizo o ayudó en labores agrícolas, cría de animales o pesca? 7-No trabajó? | F105: Principal | G105: Variable cualitativa nominal | H105: =IF(G105=Validaciones!$A$3,Validaciones!$C$2,IF(OR(G105=Validaciones!$A$4,G105=Validaciones!$A$5),Validaciones!$C$3,IF(OR(G105=Validaciones!$A$6,G105=Validaciones!$A$7),Validaciones!$C$2,"Seleccione el tipo de variable"))) -> Cadena | I105: 1 | J105: =IF(OR(G105=[1]Validaciones!$A$4,G105=[1]Validaciones!$A$5),"Ingrese el dato","No aplica") -> No aplica | K105: =IF(OR(G105=[1]Validaciones!$A$4,G105=[1]Validaciones!$A$5),"Ingrese el dato","No aplica") -> No aplica
A106: 93 | B106: s05_p02 | C106: El trabajo que realizó usted fue en labores agrícolas, cría de animales o pesca | D106: ¿El trabajo que realizó usted fue en labores agrícolas, cría de animales o pesca? | E106: 1-SÍ 2-NO | F106: Principal | G106: Variable cualitativa nominal | H106: =IF(G106=Validaciones!$A$3,Validaciones!$C$2,IF(OR(G106=Validaciones!$A$4,G106=Validaciones!$A$5),Validaciones!$C$3,IF(OR(G106=Validaciones!$A$6,G106=Validaciones!$A$7),Validaciones!$C$2,"Seleccione el tipo de variable"))) -> Cadena | I106: 1 | J106: =IF(OR(G106=[1]Validaciones!$A$4,G106=[1]Validaciones!$A$5),"Ingrese el dato","No aplica") -> No aplica | K106: =IF(OR(G106=[1]Validaciones!$A$4,G106=[1]Validaciones!$A$5),"Ingrese el dato","No aplica") -> No aplica
A107: 94 | B107: s05_p03 | C107: Los productos agrícolas o la cría de animales en los que trabajó usted, fueron | D107: ¿Los productos agrícolas o la cría de animales en los que trabajó usted, fueron: | E107: 1-Todo para la venta? 2-La mayor parte para la venta? 3-La mayor parte para consumo del hogar? 4-Todo para el consumo del hogar? | F107: Principal | G107: Variable cualitativa ordinal | H107: =IF(G107=Validaciones!$A$3,Validaciones!$C$2,IF(OR(G107=Validaciones!$A$4,G107=Validaciones!$A$5),Validaciones!$C$3,IF(OR(G107=Validaciones!$A$6,G107=Validaciones!$A$7),Validaciones!$C$2,"Seleccione el tipo de variable"))) -> Cadena | I107: 1 | J107: =IF(OR(G107=[1]Validaciones!$A$4,G107=[1]Validaciones!$A$5),"Ingrese el dato","No aplica") -> No aplica | K107: =IF(OR(G107=[1]Validaciones!$A$4,G107=[1]Validaciones!$A$5),"Ingrese el dato","No aplica") -> No aplica
A108: 95 | B108: s05_p04 | C108: En las últimas cuatro semanas, ¿usted hizo alguna gestión para buscar trabajo y está disponible para trabajar | D108: En las últimas cuatro semanas, ¿usted hizo alguna gestión para buscar trabajo y está disponible para trabajar? | E108: 1-SÍ 2-NO | F108: Principal | G108: Variable cualitativa nominal | H108: =IF(G108=Validaciones!$A$3,Validaciones!$C$2,IF(OR(G108=Validaciones!$A$4,G108=Validaciones!$A$5),Validaciones!$C$3,IF(OR(G108=Validaciones!$A$6,G108=Validaciones!$A$7),Validaciones!$C$2,"Seleccione el tipo de variable"))) -> Cadena | I108: 1 | J108: =IF(OR(G108=[1]Validaciones!$A$4,G108=[1]Validaciones!$A$5),"Ingrese el dato","No aplica") -> No aplica | K108: =IF(OR(G108=[1]Validaciones!$A$4,G108=[1]Validaciones!$A$5),"Ingrese el dato","No aplica") -> No aplica
A109: 96 | B109: s05_p05 | C109: Si no trabajó ni ha buscado trabajo, usted | D109: ¿Si no trabajó ni ha buscado trabajo, usted: | E109: 1-Es rentista? 2-Es jubilada/o o pensionista? 3-Es estudiante? 4-Realiza quehaceres del hogar? 5-Le impide trabajar su discapacidad? 6-Otro? | F109: Principal | G109: Variable cualitativa nominal | H109: =IF(G109=Validaciones!$A$3,Validaciones!$C$2,IF(OR(G109=Validaciones!$A$4,G109=Validaciones!$A$5),Validaciones!$C$3,IF(OR(G109=Validaciones!$A$6,G109=Validaciones!$A$7),Validaciones!$C$2,"Seleccione el tipo de variable"))) -> Cadena | I109: 1 | J109: =IF(OR(G109=[1]Validaciones!$A$4,G109=[1]Validaciones!$A$5),"Ingrese el dato","No aplica") -> No aplica | K109: =IF(OR(G109=[1]Validaciones!$A$4,G109=[1]Validaciones!$A$5),"Ingrese el dato","No aplica") -> No aplica
A110: 97 | B110: s05_p06 | C110: En su trabajo principal, ¿cuál es la ocupación o tarea que realiza usted | D110: En su trabajo principal, ¿cuál es la ocupación o tarea que realiza usted? Grupo de ocupación | F110: Principal | G110: Variable cualitativa nominal | H110: =IF(G110=Validaciones!$A$3,Validaciones!$C$2,IF(OR(G110=Validaciones!$A$4,G110=Validaciones!$A$5),Validaciones!$C$3,IF(OR(G110=Validaciones!$A$6,G110=Validaciones!$A$7),Validaciones!$C$2,"Seleccione el tipo de variable"))) -> Cadena | I110: 500 | J110: =IF(OR(G110=[1]Validaciones!$A$4,G110=[1]Validaciones!$A$5),"Ingrese el dato","No aplica") -> No aplica | K110: =IF(OR(G110=[1]Validaciones!$A$4,G110=[1]Validaciones!$A$5),"Ingrese el dato","No aplica") -> No aplica
A111: 98 | B111: s05_p06b | C111: En su trabajo principal, ¿cuál es la ocupación o tarea que realiza usted | D111: En su trabajo principal, ¿cuál es la ocupación o tarea que realiza usted? Grupo de ocupación (uso INEC) | E111: Anexo_CIUO_Grupo | F111: Principal | G111: Variable cualitativa nominal | H111: =IF(G111=Validaciones!$A$3,Validaciones!$C$2,IF(OR(G111=Validaciones!$A$4,G111=Validaciones!$A$5),Validaciones!$C$3,IF(OR(G111=Validaciones!$A$6,G111=Validaciones!$A$7),Validaciones!$C$2,"Seleccione el tipo de variable"))) -> Cadena | I111: 4 | J111: =IF(OR(G111=[1]Validaciones!$A$4,G111=[1]Validaciones!$A$5),"Ingrese el dato","No aplica") -> No aplica | K111: =IF(OR(G111=[1]Validaciones!$A$4,G111=[1]Validaciones!$A$5),"Ingrese el dato","No aplica") -> No aplica
A112: 99 | B112: s05_p06c | C112: Grupo de ocupación (Uso INEC) autocompleta el sistema al momento de validar los datos y debe verse solo en reportes. | D112: Grupo de ocupación (Uso INEC) autocompleta el sistema al momento de validar los datos y debe verse solo en reportes. | E112: Anexo_CIUO_Grupo | F112: Principal | G112: Variable cualitativa nominal | H112: =IF(G112=Validaciones!$A$3,Validaciones!$C$2,IF(OR(G112=Validaciones!$A$4,G112=Validaciones!$A$5),Validaciones!$C$3,IF(OR(G112=Validaciones!$A$6,G112=Validaciones!$A$7),Validaciones!$C$2,"Seleccione el tipo de variable"))) -> Cadena | I112: 500 | J112: =IF(OR(G112=[1]Validaciones!$A$4,G112=[1]Validaciones!$A$5),"Ingrese el dato","No aplica") -> No aplica | K112: =IF(OR(G112=[1]Validaciones!$A$4,G112=[1]Validaciones!$A$5),"Ingrese el dato","No aplica") -> No aplica
...

Sheet Clasificador_1_Provincias
B2: La presente pestaña tiene por objeto documentar de forma estandarizada los clasificadores oficiales empleados en la operación estadística, sean nacionales o adaptaciones de clasificadores internacionales. Es responsabilidad del equipo técnico registrar con precisión cada clasificador referenciado en el diccionario de variables.
B3: DATOS GENERALES
B5: Nombre del clasificador: | C5: Clasificador Geográfico Estadístico 2025
B6: Siglas del clasificador: | C6: DPA 2025
B7: Tipo de clasificador: | C7: Oficial Nacional
B8: Variable(s) que lo utiliza(n): | C8: Provincia
B9: Nivel de desagregación usado: | C9: 2 dígitos
B11: Código | C11: Etiqueta
B12: 01 | C12: AZUAY
B13: 02 | C13: BOLIVAR
B14: 03 | C14: CAÑAR
B15: 04 | C15: CARCHI
B16: 05 | C16: COTOPAXI
B17: 06 | C17: CHIMBORAZO
... B35: 24 | C35: SANTA ELENA
B36: 90 | C36: ZONAS NO DELIMITADAS

Sheet Clasificador_2_Cantones
B2: La presente pestaña tiene por objeto documentar de forma estandarizada los clasificadores oficiales empleados en la operación estadística, sean nacionales o adaptaciones de clasificadores internacionales. Es responsabilidad del equipo técnico registrar con precisión cada clasificador referenciado en el diccionario de variables.
B3: DATOS GENERALES
B5: Nombre del clasificador: | C5: Clasificador Geográfico Estadístico 2025
B6: Siglas del clasificador: | C6: DPA 2025
B7: Tipo de clasificador: | C7: Oficial Nacional
B8: Variable(s) que lo utiliza(n): | C8: Cantón
B9: Nivel de desagregación usado: | C9: 4 dígitos
B11: Código | C11: Etiqueta
B12: 0101 | C12: CUENCA
B13: 0102 | C13: GIRÓN
B14: 0103 | C14: GUALACEO
B15: 0104 | C15: NABÓN
B16: 0105 | C16: PAUTE
B17: 0106 | C17: PUCARÁ
... B234: 9006 | C234: JUVAL

Sheet Clasificador_3_Parroquias
B2: La presente pestaña tiene por objeto documentar de forma estandarizada los clasificadores oficiales empleados en la operación estadística, sean nacionales o adaptaciones de clasificadores internacionales. Es responsabilidad del equipo técnico registrar con precisión cada clasificador referenciado en el diccionario de variables.
B3: DATOS GENERALES
B5: Nombre del clasificador: | C5: Clasificador Geográfico Estadístico 2025
B6: Siglas del clasificador: | C6: DPA 2025
B7: Tipo de clasificador: | C7: Oficial Nacional
B8: Variable(s) que lo utiliza(n): | C8: Parroquia
B9: Nivel de desagregación usado: | C9: 6 dígitos
B11: Código | C11: Etiqueta
B12: 010150 | C12: CUENCA
B13: 010150 | C13: CUENCA
B14: 010150 | C14: CUENCA
B15: 010150 | C15: CUENCA
B16: 010150 | C16: CUENCA
B17: 010150 | C17: CUENCA
... B1268: 900951 | C1268: SINAÍ-CUCHAENTZA

Sheet Clasificador_4_Paises
B2: La presente pestaña tiene por objeto documentar de forma estandarizada los clasificadores oficiales empleados en la operación estadística, sean nacionales o adaptaciones de clasificadores internacionales. Es responsabilidad del equipo técnico registrar con precisión cada clasificador referenciado en el diccionario de variables.
B3: DATOS GENERALES
B5: Nombre del clasificador: | C5: Códigos Uniformes de Países para Uso Estadístico
B6: Siglas del clasificador: | C6: CÓDIGO DE PAISES
B7: Tipo de clasificador: | C7: Oficial Internacional
B8: Variable(s) que lo utiliza(n): | C8: Países
B9: Nivel de desagregación usado: | C9: 3 dígitos
B11: Código | C11: Etiqueta
B12: 004 | C12: AFGANISTAN
B13: 008 | C13: ALBANIA
B14: 276 | C14: ALEMANIA (UNIDAD ALEMANA)
B15: 020 | C15: ANDORRA
B16: 024 | C16: ANGOLA
B17: 660 | C17: ANGUILA
... B249: 905 | C249: OTRAS NACIONES DE OCEANIA

Sheet Clasificador_CIIU
B2: La presente pestaña tiene por objeto documentar de forma estandarizada los clasificadores oficiales empleados en la operación estadística, sean nacionales o adaptaciones de clasificadores internacionales. Es responsabilidad del equipo técnico registrar con precisión cada clasificador referenciado en el diccionario de variables.
B3: DATOS GENERALES
B5: Nombre del clasificador: | C5: Clasificador CIIU 4.0
B6: Siglas del clasificador: | C6: CIIU 4.0
B7: Tipo de clasificador: | C7: Oficial Nacional
B8: Variable(s) que lo utiliza(n): | C8: Rama de actividad
B9: Nivel de desagregación usado: | C9: 4 dígitos
B11: Código | C11: Etiqueta
B12: 0111 | C12: CULTIVO DE CEREALES (EXCEPTO ARROZ), LEGUMBRES Y SEMILLAS OLEAGINOSAS.
B13: 0112 | C13: CULTIVO DE ARROZ.
B14: 0113 | C14: CULTIVO DE HORTALIZAS Y MELONES, RAÍCES Y TUBÉRCULOS.
B15: 0114 | C15: CULTIVO DE CAÑA DE AZÚCAR.
B16: 0115 | C16: CULTIVO DE TABACO.
B17: 0116 | C17: CULTIVO DE PLANTAS DE FIBRAS.
... B434: 9999 | C434: NO INFORMA

Sheet Clasificador_CIUO
B2: La presente pestaña tiene por objeto documentar de forma estandarizada los clasificadores oficiales empleados en la operación estadística, sean nacionales o adaptaciones de clasificadores internacionales. Es responsabilidad del equipo técnico registrar con precisión cada clasificador referenciado en el diccionario de variables.
B3: DATOS GENERALES
B5: Nombre del clasificador: | C5: Clasificador CIUO 08
B6: Siglas del clasificador: | C6: CIUO 08
B7: Tipo de clasificador: | C7: Adaptado
B8: Variable(s) que lo utiliza(n): | C8: Grupo de ocupación
B9: Nivel de desagregación usado: | C9: 4 dígitos
B11: Código | C11: Etiqueta
B12: 0110 | C12: OFICIALES DE LAS FUERZAS ARMADAS
B13: 0210 | C13: SUBOFICIAL DE LAS FUERZAS ARMADAS
B14: 0310 | C14: OTROS MIEMBROS DE LAS FUERZAS ARMADAS
B15: 1111 | C15: MIEMBROS DEL PODER LEGISLATIVO
B16: 1112 | C16: PERSONAL DIRECTIVO DE LA ADMINISTRACIÓN PÚBLICA
B17: 1113 | C17: JEFES DE PEQUEÑAS POBLACIONES
... B450: 9999 | C450: NO INFORMA

Sheet Validaciones
A1: TIPO VARIABLES | B1: ORIGEN DE VARIABLES
A2: >>Seleccione ☑<< | B2: >>Seleccione ☑<< | C2: Cadena
A3: Variable identificadora | B3: Principal | C3: Numérico
A4: Variable cuantitativa discreta | B4: Derivada
A5: Variable cuantitativa continua
A6: Variable cualitativa nominal
A7: Variable cualitativa ordinal
